Workbook

Sheet Formulación
T2: Planificación magnitud cuatrienio
A3: Objetivo estratégico Plan Distrital de Desarrollo | B3: Programa Plan Distrital de Desarrollo | C3: Código Proyecto de inversión | D3: Proyecto de inversión | E3: No meta PDD | F3: ODS | G3: Política MIPG | H3: Objetivo estratégico UAESP | I3: Objetivo específico UAESP | J3: Meta estratégica UAESP | K3: Indicador | L3: Formula del indicador | M3: Unidad de medida | N3: Línea base | O3: Año línea base | P3: Fuente de datos | Q3: Peso porcentual indicador | R3: Dependencia responsable | S3: Proceso (mapa de proceso) | T3: Magnitud cuatrienio | U3: Evidencia | V3: 2024 | W3: 2025 | X3: 2026 | Y3: 2027 | Z3: 2028
A4: 5. Bogotá confía en su gobierno | B4: 5.33. Fortalecimiento institucional para un gobierno confiable | C4: 8228 | D4: Fortalecimiento de los procesos de planificación y gestión de la UAESP Bogotá D.C. | E4: 2292 | F4: NA | G4: 11. Gobierno digital | H4: 1. Fortalecimiento de los procesos de planificación y gestión de la UAESP: | I4: 1.1. Fortalecer la arquitectura tecnológica de la UAESP mediante el diseño e implementación de un sistema de información integral, que permita la captura, actualización y consulta de la información actualizada generada por la Entidad, asegurando la disponibilidad y confiabilidad de los datos para la toma de decisiones estratégicas y operativas | J4: 1.1. Diseñar e implementar un sistema de información integral que permita el cargue permanente y consulta de los datos actualizados que genere la UAESP para los procesos priorizados. | K4: Sistema de información diseñado e implementado | L4: Sistema de información diseñado e implementado | M4: Un sistema | N4: No diseñado, ni implementado | O4: 2023 | P4: Informe de avance implementación del sistema de información | Q4: 0.15 | R4: Oficina Tecnología de la Información y las Comunicaciones | S4: Gestión Tecnológica y de la Información | T4: 1 | U4: Documentos, herramienta, plataforma | V4: NA | W4: Diseño | X4: Desarrollo | Y4: Prueba | Z4: Implementación
A5: 5. Bogotá confía en su gobierno | B5: 5.33. Fortalecimiento institucional para un gobierno confiable | C5: 8228 | D5: Fortalecimiento de los procesos de planificación y gestión de la UAESP Bogotá D.C. | E5: 2292 | F5: NA | G5: 12. Seguridad digital | H5: Optimizar la gestión institucional de la UAESP mediante el fortalecimiento de los procesos estratégicos, de apoyo y de evaluación, implementando herramientas alineadas con el Modelo Integrado de Planeación y Gestión (MIPG) para superar las debilidades y aprovechar las oportunidades de mejora identificadas. | I5: 1.2. Modernizar la infraestructura tecnológica del datacenter de la UAESP mediante la actualización de los componentes críticos y la migración estratégica de las cargas de trabajo a la nube, mejorando la capacidad operativa, la disponibilidad y la seguridad de los servicios tecnológicos. | J5: 1.2. Asegurar que el 100% de las cargas de trabajo críticas estén operativas en infraestructura moderna, ya sea en la nube o en datacenters actualizados. | K5: Porcentaje de cargas de trabajo críticas modernizadas. | L5: Porcentaje de cargas de trabajo modernizada = (Numero de cargas modernizadas (on-premises o nube) / Numero total de cargas criticas) x 100 | M5: Porcentaje | N5: 60% de cargas de trabajo criticas que operan en infraestructura obsoleta en 2024 | O5: 2023 | P5: Informe de avance modernización de la infraestructura tecnológica del datacenter de la UAESP | Q5: 0.14 | R5: Oficina Tecnología de la Información y las Comunicaciones | S5: Gestión Tecnológica y de la Información | T5: 1 | U5: Infraestructura modernizada en la On-Premises o en la nube completamente funcional que soporte todas las cargas de trabajo críticas. | V5: NA | W5: 0.3 | X5: 0.5 | Y5: 0.2 | Z5: NA
A6: 5. Bogotá confía en su gobierno | B6: 5.33. Fortalecimiento institucional para un gobierno confiable | C6: 8228 | D6: Fortalecimiento de los procesos de planificación y gestión de la UAESP Bogotá D.C. | E6: 2292 | F6: NA | G6: 16. Gestión documental | I6: 1.3. Optimizar la gestión documental y administrativa a través de la creación y convalidación de la tabla de retención documental en colaboración con el Consejo Distrital de Archivo, garantizando la conservación de la documentación y garantizando la disponibilidad de la información. | J6: 1.3. Lograr la elaboración, convalidación e implementación de la tabla de retención documental de la UAESP, con aprobación por parte del Consejo Distrital de Archivo, garantizando la conservación de la documentación. | K6: Tabla de retención documental implementada | L6: Tabla de retención documental implementada | M6: Una tabla | N6: No tiene | O6: 2023 | P6: Plan de Mejoramiento Archivistico - PNA | Q6: 0.15 | R6: Subdirección Administrativa y Financiera | S6: Gestión Documental | T6: 1 | U6: Tabla de retención | V6: NA | W6: Elaboración | X6: Convolidación | Y6: Implementación | Z6: Implementación
A7: 5. Bogotá confía en su gobierno | B7: 5.33. Fortalecimiento institucional para un gobierno confiable | C7: 8228 | D7: Fortalecimiento de los procesos de planificación y gestión de la UAESP Bogotá D.C. | E7: 2292 | F7: NA | G7: 7. Fortalecimiento organizacional y simplificación de procesos | I7: 1.4. Garantizar el cumplimiento de los objetivos de la Unidad con estándares de calidad, y con enfoque al cliente basado en riesgos | J7: 1.4. Certificación de calidad bajo los estándares de la norma ISO 9001:2015 | K7: Certificación de calidad ISO 9001:2015 | L7: Certificado de calidad | M7: Certificado | N7: Certificado de calidad ISO 9001:2015 | O7: 2023 | P7: Acta de auditoría de calidad | Q7: 0.14 | R7: Oficina Asesora de Planeación - Oficina de Control Interno | S7: Direccionamiento Estratégico - Gestión de Evaluación y Mejora | T7: 1 | U7: Certificado | V7: NA | W7: NA | X7: 1 | Y7: NA | Z7: NA
A8: 5. Bogotá confía en su gobierno | B8: 5.33. Fortalecimiento institucional para un gobierno confiable | C8: 8228 | D8: Fortalecimiento de los procesos de planificación y gestión de la UAESP Bogotá D.C. | E8: 2292 | F8: NA | G8: 8. Servicio al ciudadano | I8: 1.5. Medir la satisfacción ciudadana en relación con la prestación de los servicios públicos | J8: 1.5. Formular, validar e implementar índice para medir la satisfacción ciudadana en relación con la prestación de los servicios públicos. | K8: Indice para medir la satisfacción ciudadana | L8: Índice formulado, validado e implementado | M8: Porcentaje | N8: SCI-PC-02 V3 Medición de la satisfacción de los servicios de la UAESP | O8: 2024 | P8: Gestión de servicio al ciudadano | Q8: 0.14 | R8: Subdirección Administrativa y Financiera - Dirección General | S8: Servicio al Ciudadano | T8: 1 | U8: Indice | V8: NA | W8: Formular | X8: Validar | Y8: Implementar | Z8: Implementar
A9: 5. Bogotá confía en su gobierno | B9: 5.33. Fortalecimiento institucional para un gobierno confiable | C9: 8228 | D9: Fortalecimiento de los procesos de planificación y gestión de la UAESP Bogotá D.C. | E9: 2292 | F9: NA | G9: 17. Gestión de la información estadística | I9: 1.6. Fortalecer la gestión estadística en la UAESP, para garantizar la recolección, procesamiento, análisis y difusión de datos confiables y oportunos, que apoyen la planeación, la supervisión y la toma de decisiones en los servicios de aseo, alumbrado y servicios funerarios. | J9: 1.6. Implementar los requisitos de la norma NTC PE 1000:2020 en el proceso de gestión estadística de la UAESP, asegurando el cumplimiento de los estándares de calidad, accesibilidad y transparencia | K9: Requisitos NTC PE 1000:2020 implementados | L9: Requisitos NTC PE 1000:2020 implementados | M9: Un documento | N9: GCI-PC-03 V3 Gestión de la información estadística | O9: 2023 | P9: https://www.uaesp.gov.co/content/politica-gestion-la-informacion-estadistica | Q9: 0.14 | R9: Oficina Asesora de Planeación | S9: Direccionamiento Estratégico | T9: 1 | U9: Certificación | V9: NA | W9: 0.5 | X9: 0.5 | Y9: 0 | Z9: 0
A10: 5. Bogotá confía en su gobierno | B10: 5.33. Fortalecimiento institucional para un gobierno confiable | C10: 8228 | D10: Fortalecimiento de los procesos de planificación y gestión de la UAESP Bogotá D.C. | E10: 2292 | F10: NA | G10: 15. Gestión del conocimiento y la innovación | I10: 1.7. Fortalecer la cultura de innovación pública, para aportar en el cumplimiento del objetivo 5 del PDD "Bogotá confia en su potencial", estrategia "Transformación digital y la innovación como motor de desarrollo económico y social" | J10: 1.7. Implementar una estrategia de cultura de innovación pública, para mejorar el desarrollo organizacional, el desempeño institucional y los servicios ofrecidos a la ciudadanía | K10: Estrategia de cultura de innovación pública implementada | L10: Número de actividades realizadas /Total de actividades definidas en la estrategia de cultura de innovación pública | M10: Porcentaje | N10: Autodiagnostico plan de adecuación y sostenibilidad de MIPG | O10: 2024 | P10: Informes de avance, reportes de evaluación | Q10: 0.14 | R10: Oficina Asesora de Planeación | S10: Gestión del Conocimiento y la Innovación | T10: 1 | U10: Informe de avance de la implementación | V10: NA | W10: 1 | X10: 1 | Y10: 1 | Z10: 1
A11: 5. Bogotá confía en su gobierno | B11: 5.33. Fortalecimiento institucional para un gobierno confiable | C11: 8228 | D11: Fortalecimiento de los procesos de planificación y gestión de la UAESP Bogotá D.C. | E11: 2292 | F11: NA | G11: 4. Talento humano | H11: 2. Desarrollo del Capital Humano y Gestión del Conocimiento Institucional: | I11: 2.1. Fortalecer el plan institucional de capacitación - PIC de la entidad a través de la gestión del conocimiento, para la generación de mayor impacto institucional en los puestos de trabajo. | J11: 2.1. Capacitar al 100% de los servidores públicos en diferentes temas de la entidad, logrando un puntaje igual o superior al 60% en las evaluaciones de conocimiento aplicadas posterior a la capacitación | K11: Índice de apropiación del conocimiento | L11: Numero de colaboradores que aprueban las pruebas con la calificación mínima / Total colaboradores capacitados*100 | M11: Porcentaje | N11: No se tiene | O11: 2023 | P11: Informe PIC | Q11: 0.17 | R11: Subdirección Administrativa y Financiera | S11: Gestión del Talento Humano | T11: 1 | U11: Aplicación de medición de impacto | V11: NA | W11: 1 | X11: 1 | Y11: 1 | Z11: 1
A12: 5. Bogotá confía en su gobierno | B12: 5.33. Fortalecimiento institucional para un gobierno confiable | C12: 8228 | D12: Fortalecimiento de los procesos de planificación y gestión de la UAESP Bogotá D.C. | E12: 2292 | F12: NA | G12: 3. Compras y contratación pública | H12: Fortalecer el capital humano y la gestión del conocimiento de la UAESP, mediante la capacitación continua del personal y la generación de estrategias innovadoras que permitan transferir el conocimiento para el cumplimiento de objetivos institucionales. | I12: 2.2. Realizar planeación eficiente de la contratación, conforme las necesidades de cada dependencia, garantizando la oportuna gestión administrativa de la entidad. | J12: 2.2. Fortalecer la planeación de la contratación de prestación de servicios garantizando que los contratos se legalicen en los plazos consagrados en el PAA, para el correcto funcionamiento de la entidad. | K12: Contratos de prestación de servicios legalizados | L12: Numero de contratos de prestación de servicios legalizados/Total de contratos planificados (PAA) | M12: Porcentaje | N12: No se tiene | O12: 2023 | P12: Plan Anual de Adquisiones - todas las dependencias | Q12: 0.17 | R12: Dirección general, Subirecciones y Oficinas | S12: Responsable cumplimiento meta: Todos los procesos. Responsable Reporte meta: OAP | T12: 1 | U12: Informe | V12: NA | W12: 1 | X12: 1 | Y12: 1 | Z12: 1
A13: 5. Bogotá confía en su gobierno | B13: 5.33. Fortalecimiento institucional para un gobierno confiable | C13: 8228 | D13: Fortalecimiento de los procesos de planificación y gestión de la UAESP Bogotá D.C. | E13: 2292 | F13: NA | G13: 15. Gestión del conocimiento y la innovación | I13: 2.3. Fortalecer el uso de la herramienta de almacenamiento de activos de informacion que permita la identificación, priorización y transferencia de los inventarios de conocimiento dentro de la organización y evitar la fuga de información. | J13: 2.3. Emitir e implementar el lineamiento para estandarizar el uso y almacenamiento efectivo de activos de información | K13: Uso y almacenamiento efectivo de activos de información | L13: Lineamiento para estandarizar el uso y almacenamiento efectivo de activos de información comunicado e implementado | M13: Una circular | N13: No se tiene | O13: 2023 | P13: No aplica | Q13: 0.17 | R13: Oficina Tecnología de la Información y las Comunicaciones - Oficina Asesora de Planeación - Dirección General | S13: Gestión del Conocimiento y la Innovación y Gestión tecnológica y de la información | T13: 1 | U13: Una circular | V13: NA | W13: 1 | X13: 1 | Y13: 1 | Z13: 1
A14: 5. Bogotá confía en su gobierno | B14: 5.33. Fortalecimiento institucional para un gobierno confiable | C14: 8228 | D14: Fortalecimiento de los procesos de planificación y gestión de la UAESP Bogotá D.C. | E14: 2292 | F14: NA | G14: 4. Talento humano | I14: 2.4. Fortalecer la formulación e implementación de los planes de talento humano, asegurando que estén alineados con las apuestas estratégicas de la institución | J14: 2.4.1. Mejorar en 30% anual la satisfacción del personal frente a la gestión de los planes y programas de talento humano | K14: Indice de satisfacción en la ejecución de los planes y programas de talento humano | L14: (Nivel de satisfacción último periodo - Nivel de satisfacción periodo anterior) / (Nivel de satisfacción último periodo) *100 | M14: Porcentaje | N14: No se tiene | O14: NA | P14: índice de medición | Q14: 0.16 | R14: Subdirección Administrativa y Financiera | S14: Gestión del Talento Humano | T14: 0.9 | U14: índice de medición | V14: NA | W14: 0.3 | X14: 0.6 | Y14: 0.9 | Z14: NA
A15: 5. Bogotá confía en su gobierno | B15: 5.33. Fortalecimiento institucional para un gobierno confiable | C15: 8228 | D15: Fortalecimiento de los procesos de planificación y gestión de la UAESP Bogotá D.C. | E15: 2292 | F15: NA | G15: 4. Talento humano | J15: 2.4.2. Lograr una efectividad anual del 80% de los objetivos proyectados en el plan estratégico de talento humano. | K15: Indice de efectividad del plan estratégico de talento humano | L15: Nivel de efectividad de las estrategias planteadas en el plan estratégico de talento humano | M15: Porcentaje | N15: No se tiene | O15: NA | P15: Informe anual de avance del PETH | Q15: 0.16 | R15: Subdirección Administrativa y Financiera | S15: Gestión del Talento Humano | T15: 1 | U15: índice | V15: NA | W15: 1 | X15: 1 | Y15: 1 | Z15: 1
A16: 5. Bogotá confía en su gobierno | B16: 5.33. Fortalecimiento institucional para un gobierno confiable | C16: 8228 | D16: Fortalecimiento de los procesos de planificación y gestión de la UAESP Bogotá D.C. | E16: 2292 | F16: NA | G16: 15. Gestión del conocimiento y la innovación | I16: 2.5. Fortalecer la gestión del conocimiento en la entidad, a través de estrategias para la transferencia y conservacion del conocimiento | J16: 2.5. Implementar estrategia para la transferencia y conservacion del conocimiento | K16: Estrategia para la transferencia y conservacion del conocimiento implementada | L16: Número de actividades realizadas /Total de actividades definidas en la política de gestión del conocimiento y la innovación | M16: Porcentaje | N16: Inventario tácito y explicito | O16: 2023 | P16: Centro de conocimiento e innovación (Innova) | Q16: 0.17 | R16: Oficina Asesora de Planeación | S16: Gestión del Conocimiento y la Innovación | T16: 1 | U16: Informe de avance de la implementación | V16: NA | W16: 1 | X16: 1 | Y16: 1 | Z16: 1
A17: 1. Bogotá se siente segura; 4. Bogotá ordena su territorio y avanza en su acción climática | B17: 1.05. Espacio público seguro e inclusivo; 4.25. Aumento de la resiliencia al cambio climático y reduccion de la vulnerabilidad | C17: 8211 - 8215 - 8218 - 8220 - 8236 - 8237 | D17: Fortalecimiento de la operación y de la prestación del servicio de Alumbrado Público en Bogotá D.C.; Fortalecimiento de la actividad de aprovechamiento en Bogotá D.C.; Mejoramiento de la infraestructura y de los servicios de destino final en los cementerios públicos distritales Bogotá D.C; Implementación de un modelo de Gestión integral de residuos como garantía de saneamiento básico bajo un enfoque de economía circular Bogotá D.C.; Implementación de estrategias integrales para la gestión de residuos sólidos de puntos críticos y de arrojo clandestino como garantía de área limpia en el espacio Público de Bogotá D.C.; Implementación y transformación del Relleno Sanitario Doña Juana hacia un parque Tecnológico en manejo de residuos, Bogotá D.C. | E17: 1971 - 2179 - 2244 - 2252 - 2185 - 1972 - 2187 - 2193 | F17: NA | G17: 2. Gestión presupuestal y eficiencia del gasto público | H17: 3. Garantizar la eficiencia, sostenibilidad y modernización de los Servicios Públicos a cargo de la UAESP: | I17: 3.1. Fortalecer la estructuración de los alcances técnicos, administrativos, financieros, contables y jurídicos requeridos en la labor de las interventorias como responsables de la operación de las concesiones, obras y proyectos | J17: 3.1. Reducción en 10 % de los PQRS frente a las concesiones al final de periodo | K17: Porcentaje de reducción de los PQRS frente a las concesiones | L17: (Número de PQRS último periodo - Número de PQRS periodo anterior) /(Número de PQRS último periodo)*100 | M17: Pocentaje | N17: No se tiene | O17: 2025 | P17: Sistema Distrital de Quejas y Soluciones - SDQS | Q17: 0.1 | R17: Subdirección Recolección, Barrido y Limpieza Subdirección de Aprovechamiento Subdirección Disposición Final Subdirección de Servicios Funerarios y Alumbrado públicos | S17: Responsable cumplimiento meta: Procesos misionales. Responsable Reporte meta: Servicio al ciudadano | T17: 1 | U17: Informe | V17: NA | W17: NA | X17: 0.1 | Y17: 0.1 | Z17: 0.1
A18: 1. Bogotá se siente segura; 4. Bogotá ordena su territorio y avanza en su acción climática | B18: 1.05. Espacio público seguro e inclusivo; 4.25. Aumento de la resiliencia al cambio climático y reduccion de la vulnerabilidad | C18: 8215 - 8220 - 8236 - 8237 | D18: Fortalecimiento de la actividad de aprovechamiento en Bogotá D.C.; Implementación de un modelo de Gestión integral de residuos como garantía de saneamiento básico bajo un enfoque de economía circular Bogotá D.C.; Implementación de estrategias integrales para la gestión de residuos sólidos de puntos críticos y de arrojo clandestino como garantía de área limpia en el espacio Público de Bogotá D.C.; Implementación y transformación del Relleno Sanitario Doña Juana hacia un parque Tecnológico en manejo de residuos, Bogotá D.C. | E18: 2179-2178-2182-2195-2185-1972-2187-2193 | F18: NA | G18: 2. Gestión presupuestal y eficiencia del gasto público | H18: Desarrollar una planeación eficiente en la UAESP, a través del cumplimiento de las actividades de los proyectos de inversión y garantizando una prestación eficiente de los servicios funerarios, alumbrado público y del servicio público de aseo con un enfoque de sostenibilidad y economía circular. | I18: 3.2. Fortalecer la sostenibilidad ambiental del Distrito Capital mediante la reducción de las toneladas promedio diarias de residuos dispuestos en el Parque de Innovación Doña Juana, promoviendo la implementación de estrategias integrales de aprovechamiento, separación en la fuente y sensibilización ciudadana, en línea con la mejora continua de los servicios de aseo y la participación activa de la comunidad | J18: 3.2. Reducir al final del año 2027 a 4.800 las toneladas de residuos (promedio día) que se disponen en el Parque de Innovación de Doña Juana | K18: Toneladas de residuos (promedio día) que se disponen en el Parque de Innovación de Doña Juana | L18: Toneladas línea base - Toneladas actuales) | M18: Toneladas | N18: 6000 Toneladas promedio día | O18: 2023 | P18: Matriz de Seguimiento Secretaria Distrital de Planeación | Q18: 0.1 | R18: Subdirección Disposición Final | S18: Gestión Integral de Residuos Sólidos | T18: 4800 | U18: Matriz de Seguimiento Secretaria Distrital de Planeación | V18: 6000 | W18: 6000 | X18: 5600 | Y18: 4800
A19: 1. Bogotá se siente segura; | B19: 1.05. Espacio público seguro e inclusivo | C19: 8211 | D19: Fortalecimiento de la operación y de la prestación del servicio de Alumbrado Público en Bogotá D.C. | E19: 1971 | F19: 11 Lograr que las ciudades y los asentamientos humanos sean inclusivos, seguros, resilientes y sostenibles. | G19: 2. Gestión presupuestal y eficiencia del gasto público | I19: 3.3. Garantizar la ejecución de las actividades necesarias para realizar la interventoría y supervisión del servicio de alumbrado público, promoviendo su modernización y contribuyendo a mejorar la percepción de seguridad de los ciudadanos. | J19: 3.3. Realizar el 100% de las actividades para garantizar la prestación, modernización y actualización del servicio de alumbrado público | K19: Porcentaje de actividades realizadas | L19: Actividades realizadas /actividades requeridas | M19: Porcentaje | N19: 1 | O19: 2023 | P19: Informe mensual de Supervisión y control de alumbrado público (UAESP) | Q19: 0.1 | R19: Subdirección de Servicios Funerarios y Alumbrado públicos | S19: Alumbrado Público | T19: 1 | U19: Informe mensual de Supervisión y control de alumbrado público (UAESP) | V19: 1 | W19: 1 | X19: 1 | Y19: 1
A20: 4. Bogotá ordena su territorio y avanza en su acción climática | B20: 4.25. Aumento de la resiliencia al cambio climático y reduccion de la vulnerabilidad | C20: 8215 | D20: Fortalecimiento de la actividad de aprovechamiento en Bogotá D.C. | E20: 2179-2178-2182-2195 | F20: 12 Garantizar modalidades de consumo y producción sostenibles, y 8: Promover el crecimiento económico inclusivo y sostenible, el empleo y el trabajo decente para todos | G20: 2. Gestión presupuestal y eficiencia del gasto público | I20: 3.4. Implementar las acciones afirmativas que permitan el fortalecimiento de las organizaciones de recicladores manteniendo actualizado su registro. | J20: 3.4. Realizar el acompañamiento al 100% de las organizaciones de recicladores que lo requieran y cumplan con la normativa vigente para promover su fortalecimiento | K20: Porcentaje de organizaciones de recicladores con acompañamiento | L20: Número de organizaciones de recicladores que reciben acompañamiento/ total de organizaciones que lo requieren | M20: Porcentaje | N20: 1 | O20: 2023 | P20: Inventario Subdirección de aprovechamiento | Q20: 0.1 | R20: Subdirección de Aprovechamiento | S20: Gestión Integral de Residuos Sólidos | T20: 1 | U20: Informe de supervisión | V20: 1 | W20: 1 | X20: 1 | Y20: 1
A21: 4. Bogotá ordena su territorio y avanza en su acción climática | B21: 4.25. Aumento de la resiliencia al cambio climático y reduccion de la vulnerabilidad | C21: 8220 | D21: Implementación de un modelo de Gestión integral de residuos como garantía de saneamiento básico bajo un enfoque de economía circular Bogotá D.C. | E21: 2185 | F21: 12 Garantizar modalidades de consumo y producción sostenibles | G21: 2. Gestión presupuestal y eficiencia del gasto público | I21: 3.5. Diseñar y poner en marcha un modelo de gestión integral de residuos sólidos bajo el enfoque de economía circular garantizando las condiciones de saneamiento básico y Limpieza del Distrito Capital. | J21: 3.5. Implementar un modelo de gestión integral de residuos sólidos en la prestación del servicio público de aseo que privilegie la economía circular. | K21: Porcentaje de avance de la implementación del modelo integral de residuos sólidos | L21: Número de componentes implementados del modelo integral de residuos sólidos | M21: Porcentaje | N21: NA | O21: 2023 | P21: Proyecto de inversión 8220 | Q21: 0.1 | R21: Subdirección Recolección, Barrido y Limpieza; Subdirección de Aprovechamiento y Subdirección Disposición Final | S21: Gestión Integral de Residuos Sólidos | T21: 1 | U21: Modelo de gestión integral de residuos sólidos | V21: 1 | W21: 1 | X21: 1 | Y21: 1
A22: 1. Bogotá se siente segura; | B22: 1.05. Espacio público seguro e inclusivo | C22: 8236 | D22: Implementación de estrategias integrales para la gestión de residuos sólidos de puntos críticos y de arrojo clandestino como garantía de área limpia en el espacio Público de Bogotá D.C | E22: 1972 | F22: 12 Garantizar modalidades de consumo y producción sostenibles | G22: 2. Gestión presupuestal y eficiencia del gasto público | I22: 3.6. Disminuir los números de puntos críticos de arrojos clandestinos de residuos especiales (RCD y voluminosos) en el espacio público del Distrito Capital | J22: 3.6. Reducir 100 puntos de arrojo clandestino de residuos sólidos, pasando de 700 a 600 puntos | K22: Número de puntos de arrojo clandestino disminuidos | L22: linea base - sumatoria del número de puntos de arrojo clandestino de residuos sólidos disminuidos | M22: Puntos | N22: 700 | O22: 2023 | P22: Sistema de Información para la Gestión y Operación del Servicio Público de Aseo de Bogotá | Q22: 0.1 | R22: Subdirección Recolección, Barrido y Limpieza | S22: Gestión Integral de Residuos Sólidos | T22: 600 | U22: Puntos de arrojo clandestino | V22: 700 | W22: 670 | X22: 640 | Y22: 600
A23: 4. Bogotá ordena su territorio y avanza en su acción climática | B23: 4.25. Aumento de la resiliencia al cambio climático y reduccion de la vulnerabilidad | C23: 8237 | D23: Implementación y transformación del Relleno Sanitario Doña Juana hacia un parque Tecnológico en manejo de residuos, Bogotá D.C. | E23: 2187-2193 | F23: 11 Lograr que las ciudades y los asentamientos humanos sean inclusivos, seguros, resilientes y sostenibles. Y 12 Garantizar modalidades de consumo y producción sostenibles | G23: 2. Gestión presupuestal y eficiencia del gasto público | I23: 3.7. Mejorar la gestión integral de los residuos sólidos | J23: 3.7. Implementar un proyecto de tratamiento, aprovechamiento y valorización de residuos solidos que genere subproductos de energias limpias. | K23: Proyecto de tratamiento, aprovechamiento y valorización de residuos sólidos implementado | L23: Proyecto de tratamiento, aprovechamiento y valorización de residuos sólidos implementado | M23: Porcentaje | N23: NA | O23: NA | P23: Proyecto de inversión 8237. 1- Aumentar un 20% los residuos valorizados, equivalente a 1190 Toneladas de residuos tratados / día | Q23: 0.1 | R23: Subdirección Disposición Final | S23: Gestión Integral de Residuos Sólidos | T23: 1 | U23: Informe de supervición | W23: 1 | X23: 1 | Y23: 1
A24: 1. Bogotá se siente segura; 4. Bogotá ordena su territorio y avanza en su acción climática | B24: 1.05. Espacio público seguro e inclusivo; 4.25. Aumento de la resiliencia al cambio climático y reduccion de la vulnerabilidad | C24: 8211 - 8215 - 8218 - 8220 - 8236 - 8237 | D24: Fortalecimiento de la operación y de la prestación del servicio de Alumbrado Público en Bogotá D.C.; Fortalecimiento de la actividad de aprovechamiento en Bogotá D.C.; Mejoramiento de la infraestructura y de los servicios de destino final en los cementerios públicos distritales Bogotá D.C; Implementación de un modelo de Gestión integral de residuos como garantía de saneamiento básico bajo un enfoque de economía circular Bogotá D.C.; Implementación de estrategias integrales para la gestión de residuos sólidos de puntos críticos y de arrojo clandestino como garantía de área limpia en el espacio Público de Bogotá D.C.; Implementación y transformación del Relleno Sanitario Doña Juana hacia un parque Tecnológico en manejo de residuos, Bogotá D.C. | E24: 1971 - 2179 - 2244 - 2252 - 2185 - 1972 - 2187 - 2193 | F24: NA | G24: 2. Gestión presupuestal y eficiencia del gasto público | I24: 3.8. Garantizar la eficiencia en la ejecución presupuestal de los proyectos de inversión, alcanzando un cumplimiento anual del 100% de las actividades establecidas para cada proyecto de inversión, a través de la optimización de los procesos de planificación, seguimiento y control, asegurando la correcta asignación y utilización de los recursos destinados a los proyectos de inversión en el marco de los objetivos institucionales. | J24: 3.8. Cumplimiento anual del 100% de la ejecución presupuestal de las actividades establecidas para los proyectos de inversión. | K24: Ejecución presupuestal de gastos de inversión | L24: compromisos acumulados gastos de inversión/apropiación disponible gastos de inversión*100 | M24: Porcentaje | N24: 0.78 | O24: 2023 | P24: Reporte Ejecución presupuestal Bogdata | Q24: 0.1 | R24: Dirección general, Subirecciones y Oficinas | S24: Responsable cumplimiento meta: Todos los procesos. Responsable Reporte meta: OAP | T24: 1 | U24: Reporte Ejecución presupuestal Bogdata | V24: NA | W24: 1 | X24: 1 | Y24: 1 | Z24: 1
A25: 1. Bogotá se siente segura; 4. Bogotá ordena su territorio y avanza en su acción climática | B25: 1.05. Espacio público seguro e inclusivo; 4.25. Aumento de la resiliencia al cambio climático y reduccion de la vulnerabilidad | C25: 8211 - 8215 - 8218 - 8220 - 8236 - 8237 | D25: Fortalecimiento de la operación y de la prestación del servicio de Alumbrado Público en Bogotá D.C.; Fortalecimiento de la actividad de aprovechamiento en Bogotá D.C.; Mejoramiento de la infraestructura y de los servicios de destino final en los cementerios públicos distritales Bogotá D.C; Implementación de un modelo de Gestión integral de residuos como garantía de saneamiento básico bajo un enfoque de economía circular Bogotá D.C.; Implementación de estrategias integrales para la gestión de residuos sólidos de puntos críticos y de arrojo clandestino como garantía de área limpia en el espacio Público de Bogotá D.C.; Implementación y transformación del Relleno Sanitario Doña Juana hacia un parque Tecnológico en manejo de residuos, Bogotá D.C. | E25: 1971 - 2179 - 2244 - 2252 - 2185 - 1972 - 2187 - 2193 | F25: NA | G25: 2. Gestión presupuestal y eficiencia del gasto público | I25: 3.9. Gestionar desde la gerencia de proyectos y la supervisión de contratos el pago oportuno de los compromisos presupuestales, mediante un seguimiento riguroso de la ejecución contractual, promoviendo una gestión eficiente de los recursos | J25: 3.9. Ejecución anual de giros de gastos de inversión del 100% | K25: Ejecución de giros del presupuesto de gastos de inversión | L25: giros acumulados gastos de inversión/apropiación disponible gastos de inversión*100 | M25: Porcentaje | N25: 0.5 | O25: 2023 | P25: Reporte Ejecución presupuestal Bogdata | Q25: 0.1 | R25: Dirección general, Subirecciones y Oficinas | S25: Responsable cumplimiento meta: Todos los procesos. Responsable Reporte meta: OAP | T25: 1 | U25: Reporte Ejecución presupuestal Bogdata | V25: NA | W25: 1 | X25: 1 | Y25: 1 | Z25: 1
A26: 1. Bogotá se siente segura; 4. Bogotá ordena su territorio y avanza en su acción climática | B26: 1.05. Espacio público seguro e inclusivo; 4.25. Aumento de la resiliencia al cambio climático y reduccion de la vulnerabilidad | C26: 8211 - 8215 - 8218 - 8220 - 8236 - 8237 | D26: Fortalecimiento de la operación y de la prestación del servicio de Alumbrado Público en Bogotá D.C.; Fortalecimiento de la actividad de aprovechamiento en Bogotá D.C.; Mejoramiento de la infraestructura y de los servicios de destino final en los cementerios públicos distritales Bogotá D.C; Implementación de un modelo de Gestión integral de residuos como garantía de saneamiento básico bajo un enfoque de economía circular Bogotá D.C.; Implementación de estrategias integrales para la gestión de residuos sólidos de puntos críticos y de arrojo clandestino como garantía de área limpia en el espacio Público de Bogotá D.C.; Implementación y transformación del Relleno Sanitario Doña Juana hacia un parque Tecnológico en manejo de residuos, Bogotá D.C. | E26: 1971 - 2179 - 2244 - 2252 - 2185 - 1972 - 2187 - 2193 | F26: NA | G26: 2. Gestión presupuestal y eficiencia del gasto público | I26: 3.10. Asegurar la ejecución oportuna de los proyectos de inversión, cumpliendo con la ejecución de la magnitud dentro de los plazos establecidos. | J26: 3.10. Alcanzar cada año un 100% de la ejecución de la magnitud de los proyectos de inversión dentro de los plazos establecidos. | K26: Ejecución de actividades principales de los proyectos de inversión | L26: Promedio de actividades principales ejecutadas (activas) / Promedio de actividades programadas (activas)*100 | M26: Porcentaje | N26: NA | O26: NA | P26: Matriz de programación y seguimiento metas OAP | Q26: 0.1 | R26: Dirección general, Subirecciones y Oficinas | S26: Responsable cumplimiento meta: Todos los procesos. Responsable Reporte meta: OAP | T26: 1 | U26: Matriz de programación y seguimiento metas OAP | V26: NA | W26: 1 | X26: 1 | Y26: 1 | Z26: 1
A27: 5. Bogotá confía en su gobierno | B27: 5.33. Fortalecimiento institucional para un gobierno confiable | C27: 8228 | D27: Fortalecimiento de los procesos de planificación y gestión de la UAESP Bogotá D.C. | E27: 2292 | F27: NA | G27: 9. Participación ciudadana en la gestión pública | H27: 4. Participación ciudadana: | I27: 4.1. Adoptar e implementar el Modelo Distrital de Relacionamiento Integral con la Ciudadanía, para articular las acciones en cumplimiento de los lineamientos y normatividad de las políticas de gestión y desempeño que inciden en la relación con la ciudadanía; con el fin de fortalecer la toma de decisiones y el trabajo conjunto. | J27: 4.1. Implementar el Modelo Distrital de Relacionamiento con la ciudadania en un 100% para mejorar la participación de la ciudadanía en los procesos de la entidad | K27: Modelo de relacionamiento con la ciudadania adoptado e implementado | L27: Modelo de relacionamiento con la ciudadania adoptado e implementado (se mide en función del avance en la adopcion y aplicación) | M27: Porcentaje | N27: Documento modelo de relacionamiento | O27: 2024 | P27: Proceso participación ciudadana OAP. https://www.uaesp.gov.co/content/modelo-relacionamiento | Q27: 0.5 | R27: Oficina Asesora de Planeación y Subdirección Administrativa y Fianaciera | S27: Participación ciudadana, trasparencia y trámites, servicio al ciudadano | T27: 1 | U27: Un modelo | V27: 0 | W27: 0.3 | X27: 0.35 | Y27: 0.35 | Z27: 0
A28: 5. Bogotá confía en su gobierno | B28: 5.33. Fortalecimiento institucional para un gobierno confiable | C28: 8228 | D28: Fortalecimiento de los procesos de planificación y gestión de la UAESP Bogotá D.C. | E28: 2292 | F28: NA | G28: 9. Participación ciudadana en la gestión pública | H28: Fortalecer la participación ciudadana mediante la implementación del Modelo Distrital de Relacionamiento Integral, promoviendo la transparencia, la rendición de cuentas y el acceso a la información pública, para fortalecer la confianza en la gestión de la UAESP. | I28: 4.2. Fortalecer la participación ciudadana a través de la rendición de cuentas, garantizando la transparencia en la gestión de la entidad, mediante procesos claros y accesibles, que garanticen el acceso a la información pública y promuevan la confianza ciudadana en la administración de recursos y la toma de decisiones. | J28: 4.2.Mejorar en 5% anual el número de participantes en los espacios de rendición de cuentas | K28: Incremento del número de participantes en los espacios de rendición de cuentas | L28: (Número de participantes último periodo - Número de participantes periodo anterior) /(Número de participantes último periodo)*100 | M28: Porcentaje | N28: 848 personas | O28: 2024 | P28: Informe de rendición de cuentas / acta, lista de asistencia y registro fotográfico. | Q28: 0.5 | R28: Oficina Asesora de Planeación | S28: Participación Ciudadana | T28: 1 | U28: Informe de rendición de cuentas | V28: 1 | W28: 1 | X28: 1 | Y28: 1 | Z28: 1

Sheet listas
A2: Tipo de Proceso | B2: Proceso | C2: Líder del Proceso | E2: POLITICAS MIPG | J2: POLITICAS PUBLICAS
A3: ESTRATÉGICOS | B3: Direccionamiento Estratégico | C3: Oficina Asesora de Planeación | E3: 1. Planeación Institucional | I3: 1 | J3: Política Pública de Acción Climática 2023-2050 / CONPES 31
B4: Gestión de las Comunicaciones | C4: Oficina Asesora de Comunicaciones y Relaciones Interinstitucionales | E4: 2. Gestión presupuestal y eficiencia del gasto público | I4: 2 | J4: Política pública de Actividades sexuales pagadas 2020 – 2029 / CONPES 11
B5: Gestión del Conocimiento y la Innovación | C5: Oficina Asesora de Planeación | E5: 3. Compras y contratación pública | I5: 3 | J5: Política Pública Integral de Derechos Humanos de Bogotá 2019-2034 /CONPES 11
B6: Gestión Disciplinaria Interna | C6: Oficina de Control Disciplinario Interno | E6: 4. Talento humano | I6: 4 | J6: Política Pública Distrital de Economía Circular 2023 – 2040 / CONPES 35
B7: Participación Ciudadana | C7: Dirección - OAP | E7: 5. Integridad | I7: 5 | J7: Política Pública Distrital para el Fenómeno De Habitabilidad en Calle 2015-2025 / CONPES 20
A8: MISIONALES | B8: Gestión Integral de Residuos Sólidos | C8: Subdirección Recolección, Barrido y Limpieza | E8: 6. Transparencia, acceso a la información pública y lucha contra la corrupción | I8: 6 | J8: Política Pública de Primera Infancia, Infancia y Adolescencia 2023-2033 / CONPES 27
B9: Gestión Integral de Residuos Sólidos | C9: Subdirección de Aprovechamiento | E9: 7. Fortalecimiento organizacional y simplificación de procesos | I9: 7 | J9: Política Pública de Mujeres y Equidad de Género 2020-2030 / CONPES 14
B10: Gestión Integral de Residuos Sólidos | C10: Subdirección Disposición Final | E10: 8. Servicio al ciudadano | I10: 8 | J10: Política Pública de Participación Incidente del Distrito Capital 2023 – 2034 / Decreto 503 de 2011
B11: Servicios Funerarios | C11: Subdirección de Servicios Funerarios y Alumbrado públicos | E11: 9. Participación ciudadana en la gestión pública | I11: 9 | J11: Política pública del Peatón, en Bogotá Primero el peatón 2023-2035 / CONPES 36
B12: Alumbrado Público | C12: Subdirección de Servicios Funerarios y Alumbrado públicos | E12: 10. Racionalización de trámites | I12: 10 | J12: Política Pública para y del Pueblo Rrom en Bogotá D.C. 2024-2036 / CONPES 40
A13: APOYO | B13: Gestión del Talento Humano | C13: Subdirección Administrativa y Financiera | E13: 11. Gobierno digital | I13: 11 | J13: Política Pública de Servicios Públicos para una Bogotá Inteligente y Sostenible 2023 -2035 / Decreto 233 de 2023
B14: Gestión Documental | C14: Subdirección Administrativa y Financiera | E14: 12. Seguridad digital | I14: 12 | J14: Política Pública Distrital de Turismo “Bogotá Destino Turístico Sostenible, Inteligente, Responsable e Incluyente” 2023-2033 / CONPES 26
B15: Gestión Financiera | C15: Subdirección Administrativa y Financiera | E15: 13. Defensa jurídica | I15: 1 | J15: Política Pública Distrital de Servicio a la Ciudadanía / CONPES 3
B16: Gestión de Apoyo Logístico | C16: Subdirección Administrativa y Financiera | E16: 14. Mejora normativa | I16: 2 | J16: Política Pública Distrital de Educación Ambiental 2019-2030 / CONPES 13
B17: Servicio al Ciudadano | C17: Subdirección Administrativa y Financiera | E17: 15. Gestión del conocimiento y la innovación | I17: 3 | J17: Política Pública LGBTI, identidades de género y orientaciones sexuales en el D.C. 2021-2032 / CONPES 16
B18: Gestión Tecnológica y de la Información | C18: Oficina Tecnología de la Información y las Comunicaciones | E18: 16. Gestión documental | I18: 4 | J18: Política Pública Distrital de Espacio Público 2019-2038 / CONPES 6
B19: Gestión Asuntos Legales | C19: Subdirección de Asuntos Legales | E19: 17. Gestión de la información estadística | I19: 5 | J19: Política Pública Distrital de Seguridad, Convivencia, Justicia y, Construcción de Paz y Reconciliación 2023-2038 / Decreto 537 de 2023
A20: EVALUACIÓN | B20: Gestión de Evaluación y Mejora | C20: Oficina de Control Interno | E20: 18. Seguimiento y evaluación del desempeño institucional | J20: No aplica
E21: 19. Control interno

Sheet Seguimiento
T2: Planificación magnitud cuatrienio | AA2: AÑO 2024 | AP2: AÑO 2025 | BE2: AÑO 2026 | BT2: AÑO 2027
A3: Objetivo estratégico Plan Distrital de Desarrollo | B3: Programa Plan Distrital de Desarrollo | C3: Código Proyecto de inversión | D3: Proyecto de inversión | E3: No meta PDD | F3: ODS | G3: Política MIPG | H3: Objetivo estratégico UAESP | I3: Objetivo específico UAESP | J3: Meta estratégica UAESP | K3: Indicador | L3: Formula del indicador | M3: Unidad de medida | N3: Línea base | O3: Año línea base | P3: Fuente de datos | Q3: Peso porcentual indicador | R3: Dependencia responsable | S3: Proceso (mapa de proceso) | T3: Magnitud cuatrienio | U3: Evidencia | V3: 2024 | W3: 2025 | X3: 2026 | Y3: 2027 | Z3: 2028 | AA3: Programado I Cuatrimestre | AB3: Ejecutado I Cuatrimestre | AC3: Porcentaje cumplimiento I Cuatrimestre | AD3: Descripción avance I Cuatrimestre | AE3: Programado II Cuatrimestre | AF3: Ejecutado II Cuatrimestre | AG3: Porcentaje cumplimiento II Cuatrimestre | AH3: Descripción avance II Cuatrimestre | AI3: Programado III Cuatrimestre | AJ3: Ejecutado III Cuatrimestre | AK3: Porcentaje cumplimiento III Cuatrimestre | AL3: Descripción avance III Cuatrimestre | AM3: Programado año 2024 | AN3: Ejecutado año 2024 | AO3: Porcentaje cumplimiento año 2024 | AP3: Programado I Cuatrimestre | AQ3: Ejecutado I Cuatrimestre | AR3: Porcentaje cumplimiento I Cuatrimestre | AS3: Descripción avance I Cuatrimestre | AT3: Programado II Cuatrimestre | AU3: Ejecutado II Cuatrimestre | AV3: Porcentaje cumplimiento II Cuatrimestre | AW3: Descripción avance II Cuatrimestre | AX3: Programado III Cuatrimestre | AY3: Ejecutado III Cuatrimestre | AZ3: Porcentaje cumplimiento III Cuatrimestre | BA3: Descripción avance III Cuatrimestre | BB3: Programado año 2025 | BC3: Ejecutado año 2025 | BD3: Porcentaje cumplimiento año 2025 | BE3: Programado I Cuatrimestre | BF3: Ejecutado I Cuatrimestre | BG3: Porcentaje cumplimiento I Cuatrimestre | BH3: Descripción avance I Cuatrimestre | BI3: Programado II Cuatrimestre | BJ3: Ejecutado II Cuatrimestre | BK3: Porcentaje cumplimiento II Cuatrimestre | BL3: Descripción avance II Cuatrimestre | BM3: Programado III Cuatrimestre | BN3: Ejecutado III Cuatrimestre | BO3: Porcentaje cumplimiento III Cuatrimestre | BP3: Descripción avance III Cuatrimestre | BQ3: Programado año 2026 | BR3: Ejecutado año 2026 | BS3: Porcentaje cumplimiento año 2026 | BT3: Programado I Cuatrimestre | BU3: Ejecutado I Cuatrimestre | BV3: Porcentaje cumplimiento I Cuatrimestre | BW3: Descripción avance I Cuatrimestre | BX3: Programado II Cuatrimestre | BY3: Ejecutado II Cuatrimestre | BZ3: Porcentaje cumplimiento II Cuatrimestre | CA3: Descripción avance II Cuatrimestre | CB3: Programado III Cuatrimestre | CC3: Ejecutado III Cuatrimestre | CD3: Porcentaje cumplimiento III Cuatrimestre | CE3: Descripción avance III Cuatrimestre | CF3: Programado año 2027 | CG3: Ejecutado año 2027 | CH3: Porcentaje cumplimiento año 2027
A4: =Formulación!A4 -> 5. Bogotá confía en su gobierno | B4: =Formulación!B4 -> 5.33. Fortalecimiento institucional para un gobierno confiable | C4: =Formulación!C4 -> 8228 | D4: =Formulación!D4 -> Fortalecimiento de los procesos de planificación y gestión de la UAESP Bogotá D.C. | E4: =Formulación!E4 -> 2292 | F4: =Formulación!F4 -> NA | G4: =Formulación!G4 -> 11. Gobierno digital | H4: =Formulación!H4 -> 1. Fortalecimiento de los procesos de planificación y gestión de la UAESP: | ... Z4: =Formulación!Z4 -> Implementación | AI4: =[1]Formulación!AI4 -> 0 | AJ4: =[1]Formulación!AJ4 -> 0 | AK4: =[1]Formulación!AK4 -> 0 | AL4: No aplica | AP4: 0.3 | AQ4: 0.3 | AR4: 1 | AS4: Se llevaron a cabo las tareas planteadas en el PEI para el primer cuatrimestre, la identificacion de alternativas de contratacion de desarrollo, informacion de anexo tecnico para realizar contratacion, se inicio el desarrollo con un contratista de la OAP y se definieron requerimientos del sistema de informacion. | AT4: 0.3 | AU4: 0.3 | AV4: =+AU4/AT4 -> 1 | AW4: Mayo: Se definió la arquitectura: Django → MinIO → NiFi → PostgreSQL, con explotación vía dashboards/Django, datos abiertos y posibles endpoints. Se priorizó Disposición Final (básculas Doña Juana) y se modeló: tabla diaria general + tabla consolidada mensual (por faltantes diarios). Base de cálculos: documento “usos archivo de la báscula.pdf”. Junio: Depuración y consolidación histórica hasta 2025; se corrigieron problemas de calidad de datos mediante múltiples reuniones con Disposición Final. Julio: Continuó la depuración (corte a julio) y se revisó el alcance del sistema y temas correlacionados (repositorio estadístico, observatorio de datos), definiendo fechas para pendientes. Agosto: Reuniones entre OAP y Subdirecciones (Aprovechamiento, Recolección Barrido y Limpieza, Disposición Final) para identificar datos y fuentes. Se agregó en el sistema la opción de adjuntar documento soporte por archivo cargado (p. ej., actas de interventoría). | AX4: 0.4 | AY4: 0.4 | AZ4: 1 | BA4: Se completo el proyecto de acuerdo con el alcance definido para el año 2025, generando los documentos finales de la arquitectura del sistema de información, el documento del informe de requerimientos del sistema de informacion y un prototipo del mismo. | BB4: =+AP4+AT4+AX4 -> 1 | BC4: =+AQ4+AU4+AY4 -> 1 | BD4: =+BC4/BB4 -> 1
A5: =Formulación!A5 -> 5. Bogotá confía en su gobierno | B5: =Formulación!B5 -> 5.33. Fortalecimiento institucional para un gobierno confiable | C5: =Formulación!C5 -> 8228 | D5: =Formulación!D5 -> Fortalecimiento de los procesos de planificación y gestión de la UAESP Bogotá D.C. | E5: =Formulación!E5 -> 2292 | F5: =Formulación!F5 -> NA | G5: =Formulación!G5 -> 12. Seguridad digital | H5: =Formulación!H5 -> Optimizar la gestión institucional de la UAESP mediante el fortalecimiento de los procesos estratégicos, de apoyo y de evaluación, implementando herramientas alineadas con el Modelo Integrado de Planeación y Gestión (MIPG) para superar las debilidades y aprovechar las oportunidades de mejora identificadas. | ... Z5: =Formulación!Z5 -> NA | AI5: =[1]Formulación!AI5 -> 0 | AJ5: =[1]Formulación!AJ5 -> 0 | AK5: =[1]Formulación!AK5 -> 0 | AL5: No aplica | AP5: 0.3 | AQ5: 1 | AR5: 1 | AS5: Debido a necesidades propias de la oficina durante el primer cuatrimestre se adelantaron todas las tareas necesarias para dar cumplimiento al 100% del proyecto. El proyecto se encuentra culminado. | AT5: 0.3 | AU5: 1 | AV5: 1 | AW5: Debido a necesidades propias de la oficina durante el primer cuatrimestre se adelantaron todas las tareas necesarias para dar cumplimiento al 100% del proyecto. El proyecto se encuentra culminado. | AX5: 0.4 | AY5: 1 | AZ5: 1 | BA5: Debido a necesidades propias de la oficina durante el primer cuatrimestre se adelantaron todas las tareas necesarias para dar cumplimiento al 100% del proyecto. El proyecto se encuentra culminado. | BB5: =+AP5+AT5+AX5 -> 1 | BC5: =+AQ5+AU5+AY5 -> 3 | BD5: =+BC5/BB5 -> 3
A6: =Formulación!A6 -> 5. Bogotá confía en su gobierno | B6: =Formulación!B6 -> 5.33. Fortalecimiento institucional para un gobierno confiable | C6: =Formulación!C6 -> 8228 | D6: =Formulación!D6 -> Fortalecimiento de los procesos de planificación y gestión de la UAESP Bogotá D.C. | E6: =Formulación!E6 -> 2292 | F6: =Formulación!F6 -> NA | G6: =Formulación!G6 -> 16. Gestión documental | H6: =Formulación!H6 -> 0 | ... Z6: =Formulación!Z6 -> Implementación | AI6: =[1]Formulación!AI6 -> 0 | AJ6: =[1]Formulación!AJ6 -> 0 | AK6: =[1]Formulación!AK6 -> 0 | AL6: No aplica | AP6: 0.6 | AQ6: 0.6 | AR6: 1 | AS6: Se suscribieron los siguientes contratos UAESP-479/2024; UAESP-510/2024; UAESP-514/2024; para la elaboración de las TRD y sus anexos. Durante el primer cuatrimestre se realizaron mesas de trabajo con las dependencias para el levantamiento de la información de Series y Subseries, de acuerdo a las funciones de cada una de ellas, del mismo modo se realizó el ajuste y actualización de los formatos que hacen parte de la TRD y CCD. Se presenta propuesta de la TRD a los jefes de área para ser aprobadas. | AT6: 0.4 | AU6: 0.4 | AV6: 1 | AW6: Se continuaron con las mesas de trabajo con las dependencias y se realizó la elaboración de las TRD y sus anexos, estas fueron aprobado por cada uno de los jefes y por el Comité Institucional de Gestión y Desempeño – CIGD de la Unidad, posteriormente se enviaron las TRD con todos sus soportes al Consejo Distrital de Archivos - CDA para su convalidación con el radicado No 20257000193511. | BA6: Finalizado en el cuatrimeste anterior | BB6: =+AP6+AT6+AX6 -> 1 | BC6: =+AQ6+AU6+AY6 -> 1 | BD6: =+BC6/BB6 -> 1
A7: =Formulación!A7 -> 5. Bogotá confía en su gobierno | B7: =Formulación!B7 -> 5.33. Fortalecimiento institucional para un gobierno confiable | C7: =Formulación!C7 -> 8228 | D7: =Formulación!D7 -> Fortalecimiento de los procesos de planificación y gestión de la UAESP Bogotá D.C. | E7: =Formulación!E7 -> 2292 | F7: =Formulación!F7 -> NA | G7: =Formulación!G7 -> 7. Fortalecimiento organizacional y simplificación de procesos | H7: =Formulación!H7 -> 0 | ... Z7: =Formulación!Z7 -> NA | AI7: =[1]Formulación!AI7 -> 0 | AJ7: =[1]Formulación!AJ7 -> 0 | AK7: =[1]Formulación!AK7 -> 0 | AL7: No aplica | AP7: 0 | AQ7: 0 | AR7: 0 | AS7: NO TIENE MAGNITUD PARA 2025 | BB7: =+AP7+AT7+AX7 -> 0 | BC7: =+AQ7+AU7+AY7 -> 0
A8: =Formulación!A8 -> 5. Bogotá confía en su gobierno | B8: =Formulación!B8 -> 5.33. Fortalecimiento institucional para un gobierno confiable | C8: =Formulación!C8 -> 8228 | D8: =Formulación!D8 -> Fortalecimiento de los procesos de planificación y gestión de la UAESP Bogotá D.C. | E8: =Formulación!E8 -> 2292 | F8: =Formulación!F8 -> NA | G8: =Formulación!G8 -> 8. Servicio al ciudadano | H8: =Formulación!H8 -> 0 | ... Z8: =Formulación!Z8 -> Implementar | AJ8: =[1]Formulación!AJ8 -> 0 | AK8: =[1]Formulación!AK8 -> 0 | AL8: No aplica | AP8: 1 | AQ8: 1 | AR8: 1 | AS8: Se formuló el indicador, en la carpeta de evidencias se cargaron los informes de satisfacción del primer cuatrimestre | AT8: 1 | AU8: 1 | AV8: 1 | AW8: Se verificó el indicador, en la carpeta de evidencias se cargaron los informes de encuestas de percepción y satisfacción del segundo cuatrimestre | AX8: 1 | AY8: 1 | AZ8: 1 | BA8: Se verificó el indicador, en la carpeta de evidencias se cargaron los informes de encuestas de percepción y satisfacción del tercer cuatrimestre | BB8: =+AP8+AT8+AX8 -> 3 | BC8: =+AQ8+AU8+AY8 -> 3 | BD8: =+BC8/BB8 -> 1
A9: =Formulación!A9 -> 5. Bogotá confía en su gobierno | B9: =Formulación!B9 -> 5.33. Fortalecimiento institucional para un gobierno confiable | C9: =Formulación!C9 -> 8228 | D9: =Formulación!D9 -> Fortalecimiento de los procesos de planificación y gestión de la UAESP Bogotá D.C. | E9: =Formulación!E9 -> 2292 | F9: =Formulación!F9 -> NA | G9: =Formulación!G9 -> 17. Gestión de la información estadística | H9: =Formulación!H9 -> 0 | ... Z9: =Formulación!Z9 -> 0 | AI9: =[1]Formulación!AI9 -> 0 | AJ9: =[1]Formulación!AJ9 -> 0 | AK9: =[1]Formulación!AK9 -> 0 | AL9: No aplica | AP9: 0 | AQ9: 0 | AR9: 0 | AS9: Durante el primer cuatrimestre, el esfuerzo se concentró en la gestión contractual para vincular al profesional especializado en estadística, requisito indispensable para la implementación de la norma. Dicha vinculación se materializó a finales de marzo, iniciando en abril la fase de empalme y diagnóstico inicial para estructurar el plan de trabajo a ejecutar en el segundo trimestre. | AT9: 0 | AU9: 0 | AV9: 1 | AW9: "Diagnóstico y Evaluación: Se elaboró el ""Informe de Evaluación de la Información Estadística"", un autodiagnóstico técnico que identifica las inconsistencias, la falta de estandarización y los riesgos del proceso (como la desactualización del tablero). Gobernanza y Estandarización (Cumplimiento NTC PE 1000): Se actualizó el ""Manual de Gestión de Información Estadística"" para alinearlo con las fases y requisitos de la norma NTC PE 1000. Se inició el proceso de actualización de las fichas técnicas de los indicadores para estandarizar definiciones y métodos de cálculo. Planificación Estratégica: Se formuló el documento ""Estrategia de Gestión Estadística - Datos para la Decisión"", que sirve como hoja de ruta formal, define los principios de calidad y establece el plan de acción (Gobernanza, Infraestructura, Procesos y Cultura). Desarrollo de Infraestructura Tecnológica (El Repositorio): Se diseñó y se encuentra en desarrollo el Sistema de Información Estadística (SIE), la nueva solución tecnológica que funcionará como el repositorio único y centralizado de la entidad. Se definió la arquitectura del SIE (incluyendo PostgreSQL para datos estructurados y MinIO para almacenamiento de archivos crudos) para garantizar la trazabilidad y seguridad de la información. Herramientas de Visualización (El Visor): Se completó el rediseño técnico y visual del tablero de indicadores (visor de datos), asegurando que la herramienta tecnológica esté actualizada y funcional. Calidad de Datos: Se está ejecutando el proceso de limpieza y saneamiento de los datos históricos (iniciando con Disposición Final) como paso previo indispensable para la publicación del tablero. Articulación con Áreas: Se han mantenido mesas de trabajo constantes con las áreas misionales para levantar requerimientos, validar el diagnóstico y co-crear las soluciones (como el SIE)." | BA9: Finalizado en el cuatrimeste anterior | BB9: =+AP9+AT9+AX9 -> 0 | BC9: =+AQ9+AU9+AY9 -> 0
A10: =Formulación!A10 -> 5. Bogotá confía en su gobierno | B10: =Formulación!B10 -> 5.33. Fortalecimiento institucional para un gobierno confiable | C10: =Formulación!C10 -> 8228 | D10: =Formulación!D10 -> Fortalecimiento de los procesos de planificación y gestión de la UAESP Bogotá D.C. | E10: =Formulación!E10 -> 2292 | F10: =Formulación!F10 -> NA | G10: =Formulación!G10 -> 15. Gestión del conocimiento y la innovación | H10: =Formulación!H10 -> 0 | ... Z10: =Formulación!Z10 -> 1 | AI10: 0.0833 | AJ10: =[1]Formulación!AJ10 -> 0 | AK10: =[1]Formulación!AK10 -> 0 | AL10: No aplica | AP10: 0.33 | AR10: 1 | AS10: Se identificaron los posibles componentes en el mes de abril para estructurar de la estrategia para la implementación de la estrategia de gestión del conocimiento y la innovación, y se elaboró un documento borrador, dentro de la cual se incluyeron actividades propias relacionados con el tema en particular para fortalecer el desarrollo organizacional, el desempeño institucional y la calidad de los servicios públicos ofrecidos a la ciudadanía, mediante la implementación de una cultura de innovación pública. En el mes de mayo se elaboró el documento de la estrategia y se presentó a la gestora de MIPG para su revisión, ajustes y aprobación en el mes de junio | AT10: 0.33 | AU10: 0.33 | AV10: 1 | AW10: Se presentó al comité el documento de la estrategia de implementación de la política de gestion del conocimiento y la innovación. Se elaboró documento materializando las obligaciones de los integrantes de la mesa tecnica de la política de gestión del conocimiento y la innovación (GCI). Se socializó el plan de actividades para el año 2025 de la mesa técnica –GCI a los integrantes de la mesa técnica y a los subdirectores y jefes de oficina. Se realizaron mesas técnicas en el primer y segundo trimestre. Se actualizaron instrumentos del proceso de GCI y divulgaron por correo masivo a los funcionarios y contratistas. Se realizó la encuesta para medir la percepción de la Innovación en la UAESP y se tabularon resultados. Se proyectaron estudios previos y minuta de convenio para firmar convenio de cooperación con la UNAL, los cuales ya cuentan con el visto buenos de los jurídicos de las dos entidades, falta la firma. Se elaboró propuesta para la creación de células de innovacion y de incentivos y reconocimientos no económicos y se solicitó a la Subdirección de Asuntos Legales su viabilidad Jurídica. Se elaboró el formato GCI-FM-13 V1 Registro de desafíos retos o problemas para el registro de retos, desafíos y problemas de la UAESP, se diseñaron piezas gráficas y se enviaron por correo masivo y se publicaron en la intranet, se han diligenciado cuatro registros. Se actualizó el inventario de instrumentos para la gestion del conocimiento y la innovacion y se compartió por correo a los de la mesa tecnica. Se elaboraron capsulas informativas sobre temas de innovacion y conocimiento y se enviaron por correo masivo desde el correo de comunicaciones | AX10: 0.33 | AY10: 0.33 | AZ10: 1 | BA10: Durante el tercer cuatrimestre de 2025, la UAESP logró consolidar la cultura de innovación pública mediante la transición de diseños conceptuales a resultados operativos tangibles. Entre los hitos más destacados se encuentra el incremento excepcional del Índice de Innovación Pública, que alcanzó una puntuación de 65,33 frente a los 21,57 registrados en 2023. Este avance se materializó con el impulso de un laboratorio de innovación pública como espacio físico de colaboración , el desarrollo de células de innovación interdisciplinarias con enfoque ágil y la estructuración final del convenio con la Universidad Nacional para incorporar conocimiento científico en la gestión institucional. Además, la entidad aseguró financiación por $120.000.000 a través de la convocatoria GovTech 2025 para resolver retos críticos de residuos voluminosos , alineando el desempeño institucional con la estrategia Bogotá Capital Digital. | BB10: =+AP10+AT10+AX10 -> 0.99 | BC10: =+AQ10+AU10+AY10 -> 0.66 | BD10: =+BC10/BB10 -> 0.66666667
A11: =Formulación!A11 -> 5. Bogotá confía en su gobierno | B11: =Formulación!B11 -> 5.33. Fortalecimiento institucional para un gobierno confiable | C11: =Formulación!C11 -> 8228 | D11: =Formulación!D11 -> Fortalecimiento de los procesos de planificación y gestión de la UAESP Bogotá D.C. | E11: =Formulación!E11 -> 2292 | F11: =Formulación!F11 -> NA | G11: =Formulación!G11 -> 4. Talento humano | H11: =Formulación!H11 -> 2. Desarrollo del Capital Humano y Gestión del Conocimiento Institucional: | ... Z11: =Formulación!Z11 -> 1 | AI11: =[1]Formulación!AI11 -> 0 | AJ11: =[1]Formulación!AJ11 -> 0 | AK11: =[1]Formulación!AK11 -> 0 | AL11: No aplica | AP11: 0.33 | AQ11: 0.33 | AR11: 1 | AS11: Frente a las jornadas de capacitación internas ejecutadas, se aplican preguntas de evaluación de conocimiento enlazadas a los temas tratados en las mismas; estas evaluaciones son aplicadas por aquellas personas que diligencian su asistencia a las jornadas. Aplicación de encuesta de evaluación de conocimiento en todas las jornadas internas gestionadas. | AT11: 0.33 | AU11: 0.33 | AV11: 1 | AW11: Se realizaron las jornadas de capacitación dentro del periodo, validando los indicadores fijados en el PIC para medición y seguimiento. | AX11: 0.34 | AY11: 0.34 | AZ11: 1 | BA11: Se aplicaron las mediciones necesarias para la evaluación de impacto del PIC, entre estos indicadores está la medición de conocimiento para los participantes de las jornadas de capacitación gestionadas desde la UAESP. Este resultado se hace tabulando la información de los informes de las jornadas de capacitación gestionadas por la entidad para el cuatrimestre. Los resultados de esta medición son analizados en los informes trimestrales del PIC. los cuales son publicados en la página web. | BB11: =+AP11+AT11+AX11 -> 1 | BC11: =+AQ11+AU11+AY11 -> 1 | BD11: =+BC11/BB11 -> 1
A12: =Formulación!A12 -> 5. Bogotá confía en su gobierno | B12: =Formulación!B12 -> 5.33. Fortalecimiento institucional para un gobierno confiable | C12: =Formulación!C12 -> 8228 | D12: =Formulación!D12 -> Fortalecimiento de los procesos de planificación y gestión de la UAESP Bogotá D.C. | E12: =Formulación!E12 -> 2292 | F12: =Formulación!F12 -> NA | G12: =Formulación!G12 -> 3. Compras y contratación pública | H12: =Formulación!H12 -> Fortalecer el capital humano y la gestión del conocimiento de la UAESP, mediante la capacitación continua del personal y la generación de estrategias innovadoras que permitan transferir el conocimiento para el cumplimiento de objetivos institucionales. | ... Z12: =Formulación!Z12 -> 1 | AI12: =[1]Formulación!AI12 -> 0 | AJ12: =[1]Formulación!AJ12 -> 0 | AK12: =[1]Formulación!AK12 -> 0 | AL12: No aplica | AP12: 340 | AQ12: 211 | AR12: =AQ12/AP12 -> 0.62058824 | AS12: En el proceso de contratación de personal, según el seguimiento al Plan Anual de Adquisiciones versión 20, correspondiente a la ultima actualización del mes de abril de 2025, y el correspondiente seguimiento a la contratación de cada una de las areas, se concluye que la UAESP planeó 340 contratos de prestación de servicios para ser contratados en el primer cuatrimestre 2025, y sobre estos, se realizó la legalización de 211 contratos, por tanto el porcentaje contratado segun lo planeado es el 62%. | AT12: 504 | AU12: 399 | AV12: =+AU12/AT12 -> 0.79166667 | AW12: En el proceso de contratación de personal, según el seguimiento al Plan Anual de Adquisiciones versión 28, correspondiente a la última actualización del mes de septiembre de 2025, y el correspondiente seguimiento a la contratación de cada una de las áreas, se concluye que la UAESP planeó 504 contratos de prestación de servicios para ser contratados en el segundo cuatrimestre 2025, y sobre estos, se realizó la legalización de 399 contratos, por tanto el porcentaje contratado según lo planeado es el 79%. La meta al finalizar el año 2025 es la legalización del 100% de los contratos de prestación de servicios programados en el PAA. | AX12: 722 | AY12: 577 | AZ12: 0.8 | BA12: En el proceso de contratación de personal, según el seguimiento al Plan Anual de Adquisiciones versión 52, correspondiente a la última actualización del mes de diciembre de 2025, y el correspondiente seguimiento a la contratación de cada una de las áreas, se concluye que la UAESP planeó 722 contratos de prestación de servicios para ser contratados en el tercer cuatrimestre 2025, y sobre estos, se realizó la legalización de 576 contratos, por tanto el porcentaje contratado según lo planeado es el 80%. | BB12: =+AP12+AT12+AX12 -> 1566 | BC12: =+AQ12+AU12+AY12 -> 1187 | BD12: =+BC12/BB12 -> 0.75798212
A13: =Formulación!A13 -> 5. Bogotá confía en su gobierno | B13: =Formulación!B13 -> 5.33. Fortalecimiento institucional para un gobierno confiable | C13: =Formulación!C13 -> 8228 | D13: =Formulación!D13 -> Fortalecimiento de los procesos de planificación y gestión de la UAESP Bogotá D.C. | E13: =Formulación!E13 -> 2292 | F13: =Formulación!F13 -> NA | G13: =Formulación!G13 -> 15. Gestión del conocimiento y la innovación | H13: =Formulación!H13 -> 0 | ... Z13: =Formulación!Z13 -> 1 | AI13: 0.0833 | AJ13: =[1]Formulación!AJ13 -> 0 | AK13: =[1]Formulación!AK13 -> 0 | AL13: No aplica | AM13: 0 | AN13: 0 | AP13: 0 | AQ13: 0 | AR13: 0 | AS13: Actividad programada para segundo y tercer cuatrimestre de la vigencia. | AT13: 0 | AU13: 0 | AV13: 100 (Actividad programada para tercer cuatrimestre de la vigencia.) | AW13: Actividad programada para tercer cuatrimestre de la vigencia. | AX13: 1 | AY13: 1 | AZ13: 1 | BA13: Se emitió la circular de 20257000000254 que tiene como asunto: Lineamiento para estandarizar la conservación, uso y almacenamiento efectivo de activos de información en SharePoint y el Sistema de Gestión Documental ORFEO, en armonía con las TRD | BB13: =+AP13+AT13+AX13 -> 1 | BC13: =+AQ13+AU13+AY13 -> 1 | BD13: =+BC13/BB13 -> 1
A14: =Formulación!A14 -> 5. Bogotá confía en su gobierno | B14: =Formulación!B14 -> 5.33. Fortalecimiento institucional para un gobierno confiable | C14: =Formulación!C14 -> 8228 | D14: =Formulación!D14 -> Fortalecimiento de los procesos de planificación y gestión de la UAESP Bogotá D.C. | E14: =Formulación!E14 -> 2292 | F14: =Formulación!F14 -> NA | G14: =Formulación!G14 -> 4. Talento humano | H14: =Formulación!H14 -> 0 | ... Z14: =Formulación!Z14 -> NA | AI14: =[1]Formulación!AI14 -> 0 | AJ14: =[1]Formulación!AJ14 -> 0 | AK14: =[1]Formulación!AK14 -> 0 | AL14: No aplica | AS14: La meta al finalizar el año 2025 es la legalización del 100% de los contratos de prestación de servicios programados en el PAA. Esta actividad se llevara a cabo en el III cuatrimeste en donde se aplicara un instrumento diagnostico a los servidores que permita evaluar la satisfacción del personal frente a gestión de los planes y programas de Talento Humano A la fecha el proceso de Talento Humano se encuentra en proceso de ejecución de actividades planeadas para realizar la medición en el último cuatrimestre del nivel de satisfaccin de las mismas. A la fecha no se calcula porcentaje de avance porque aunque hemos avanzado en la ejecución de los planes y programas, los cuales son el insumo para la medición de satisfacción; aún no se ha realizado la medición de satisfacción, la cual se realizará en el ultimo cuatrimestre A la fecha el proceso de Talento Humano se encuentra en proceso de ejecución de actividades planeadas para realizar la medición en el último cuatrimestre del nivel de satisfaccin de las mismas. | AT14: 0 | AV14: 100 (Actividad programada para tercer cuatrimestre de la vigencia.) | AW14: Esta actividad se llevara a cabo en el III cuatrimeste en donde se aplicara un instrumento diagnostico a los servidores que permita evaluar la satisfacción del personal frente a gestión de los planes y programas de Talento Humano | AX14: 0 | AY14: 0 | AZ14: 1 | BA14: En el marco del cumplimiento de la meta 2.4.1, orientada a mejorar en un 30 % anual la satisfacción del personal frente a la gestión de los planes y programas de Talento Humano, el proceso de Talento Humano elaboró y aplicó el instrumento denominado “Encuesta de Satisfacción del Proceso de Talento Humano”, compuesto por 18 preguntas de satisfacción, calificadas en una escala de 1 a 5, donde 1 corresponde a totalmente insatisfecho y 5 a totalmente satisfecho. Este instrumento tuvo como propósito identificar fortalezas, oportunidades de mejora y definir acciones que contribuyan al bienestar y a la calidad del servicio que brinda el proceso de Talento Humano a los servidores/as y sus familias. La encuesta contó con la participación del 10 % de los servidores/as de la entidad, evidenciando un nivel de satisfacción superior del 91% entre quienes diligenciaron el instrumento diagnóstico. Al ser el primer año de aplicación de esta encuesta, los resultados obtenidos se constituyen como línea base para futuras mediciones y seguimientos del proceso. | BB14: =+AP14+AT14+AX14 -> 0 | BC14: =+AQ14+AU14+AY14 -> 0 | BD14: =+BC14/BB14 -> #DIV/0!
A15: =Formulación!A15 -> 5. Bogotá confía en su gobierno | B15: =Formulación!B15 -> 5.33. Fortalecimiento institucional para un gobierno confiable | C15: =Formulación!C15 -> 8228 | D15: =Formulación!D15 -> Fortalecimiento de los procesos de planificación y gestión de la UAESP Bogotá D.C. | E15: =Formulación!E15 -> 2292 | F15: =Formulación!F15 -> NA | G15: =Formulación!G15 -> 4. Talento humano | H15: =Formulación!H15 -> 0 | ... Z15: =Formulación!Z15 -> 1 | AI15: =[1]Formulación!AI15 -> 0 | AJ15: =[1]Formulación!AJ15 -> 0 | AK15: =[1]Formulación!AK15 -> 0 | AL15: No aplica | AS15: En el primer trimestre se esta realizando la ejecución de los planes que conforman el plan estrategico de Talento Humano ; con el fin de realizar la medicióm anual en el último cuatrimestre del 2025, Esta actividad por ser anual se llevara a cabo en el el III cuatrimeste que nos permita de acuerdo a la ejecución de los planes medir el indice de efectividad del plan estrategico de Talento Humano A la fecha el proceso de Talento Humano se encuentra en proceso de ejecución de actividades planeadas para realizar la medición en el último cuatrimestre de la efectividad de los objetivos proyectados en el plan estrategico de Talento Humano. A la fecha no se calcula porcentaje de avance, porque actualmente nos encontramos avanzando en la ejecución de los planes y programas, los cuales son el insumo para la medición | AT15: 0 | AV15: 100 (Actividad programada para tercer cuatrimestre de la vigencia.) | AW15: Esta actividad por ser anual se llevara a cabo en el el III cuatrimeste permitira de acuerdo a la planeación en cuanto a los objetivos e indicadores programados y respecto a la ejecución de los mismo medir el indice de efectividad del plan estrategico de Talento Humano | AZ15: 1 | BA15: En el marco del cumplimiento de las metas 2.4.1 y 2.4.2, orientadas a alcanzar una efectividad anual del 80 % en el logro de los objetivos proyectados en el Plan Estratégico de Talento Humano, se evidenció una ejecución progresiva y consistente de las actividades del Proceso de Gestión del Talento Humano durante la vigencia 2025. En cumplimiento de las acciones programadas en los planes y programas de Provisión de Vacantes y Previsión de Recursos, Bienestar Social e Incentivos, Plan Institucional de Capacitación (PIC), Plan de Trabajo del Sistema de Gestión de Seguridad y Salud en el Trabajo (PT-SST), así como Clima Laboral e Integridad, se alcanzó un 97 % de ejecución de las actividades previstas para la vigencia, lo cual demuestra que los planes de Talento Humano cumplen con la efectividad anual establecida. | BB15: =+AP15+AT15+AX15 -> 0 | BC15: =+AQ15+AU15+AY15 -> 0 | BD15: =+BC15/BB15 -> #DIV/0!
A16: =Formulación!A16 -> 5. Bogotá confía en su gobierno | B16: =Formulación!B16 -> 5.33. Fortalecimiento institucional para un gobierno confiable | C16: =Formulación!C16 -> 8228 | D16: =Formulación!D16 -> Fortalecimiento de los procesos de planificación y gestión de la UAESP Bogotá D.C. | E16: =Formulación!E16 -> 2292 | F16: =Formulación!F16 -> NA | G16: =Formulación!G16 -> 15. Gestión del conocimiento y la innovación | H16: =Formulación!H16 -> 0 | ... Z16: =Formulación!Z16 -> 1 | AI16: 0.0833 | AJ16: =[1]Formulación!AJ16 -> 0 | AK16: =[1]Formulación!AK16 -> 0 | AL16: No aplica | AP16: 0.33 | AQ16: 0.33 | AR16: 1 | AS16: Se revisó en el mes de abril el formato GCI-FM-11 V1 Eventos de transferencia del conocimiento que está en el SIG y se revisó frente a las guías de Función Pública y se le realizaron algunos ajustes al formato existentes y adición de nuevas columnas en pro de fortalecer el proceso de transferencia de conocimiento. En el mes de abril se elaboró un borrador de protocolo para acompañar este formato anterior el cual se pasó para revisión y aprobación | AT16: 0.33 | AU16: 0.33 | AV16: 1 | AW16: Se presentó el formato GCI-FM-11 V2 Evento de transferencia del conocimiento en eventos y su respectivo protocolo para su aprobación al comité institucional y desempeño y se cargaron al sistema de gestión del conocimiento y la innovacion. Se creó formulario electrónico para facilitar el diligenciamiento del formato. Se crearon piezas digitales para compartir por correo masivo de la existencia de este formato e igualmente se publicó en la intranet y se envió correo por parte de la jefe de la OAP a todos los subdirectores y jefes de Oficina, como a los integrantes de la mesa tecnica de gestion del conocimiento y la innovacion para promover su existencia y divulgación en sus areas. Por otra parte se actualizaron los formatos de inventario de conocimiento tácito e inventario explícito, que fueron aprobados por el comité institucional y subidos al sistema integrado de gestión y divulgados su diligenciamiento a traves de los integrantes de la mesa tecnica de gestion del conocimiento y la innovacion | AX16: 0.33 | AY16: 0.33 | AZ16: 1 | BA16: Se realizó el levantamiento y consolidación del Inventario de Conocimiento Explícito y Tácito, identificando los activos intelectuales críticos asociados a la gestión de la información estadística y el desarrollo tecnológico de la entidad. Este proceso permitió documentar formalmente el "know-how" operativo (conocimiento tácito) y transformarlo en activos tangibles (conocimiento explícito) a través de la arquitectura del Sistema de Información Integral (SII) y sus manuales técnicos asociados. Esta estrategia garantiza la preservación de la memoria institucional y mitiga el riesgo de fuga de información, asegurando que los flujos de procesos, reglas de validación y lógicas de negocio no dependan exclusivamente de las personas, sino que queden estandarizados y disponibles para su transferencia, consulta y mejora continua en cumplimiento de los objetivos de fortalecimiento institucional. | BB16: =+AP16+AT16+AX16 -> 0.99 | BC16: =+AQ16+AU16+AY16 -> 0.99 | BD16: =+BC16/BB16 -> 1
A17: =Formulación!A17 -> 1. Bogotá se siente segura; 4. Bogotá ordena su territorio y avanza en su acción climática | B17: =Formulación!B17 -> 1.05. Espacio público seguro e inclusivo; 4.25. Aumento de la resiliencia al cambio climático y reduccion de la vulnerabilidad | C17: =Formulación!C17 -> 8211 - 8215 - 8218 - 8220 - 8236 - 8237 | D17: =Formulación!D17 -> Fortalecimiento de la operación y de la prestación del servicio de Alumbrado Público en Bogotá D.C.; Fortalecimiento de la actividad de aprovechamiento en Bogotá D.C.; Mejoramiento de la infraestructura y de los servicios de destino final en los cementerios públicos distritales Bogotá D.C; Implementación de un modelo de Gestión integral de residuos como garantía de saneamiento básico bajo un enfoque de economía circular Bogotá D.C.; Implementación de estrategias integrales para la gestión de residuos sólidos de puntos críticos y de arrojo clandestino como garantía de área limpia en el espacio Público de Bogotá D.C.; Implementación y transformación del Relleno Sanitario Doña Juana hacia un parque Tecnológico en manejo de residuos, Bogotá D.C. | E17: =Formulación!E17 -> 1971 - 2179 - 2244 - 2252 - 2185 - 1972 - 2187 - 2193 | F17: =Formulación!F17 -> NA | G17: =Formulación!G17 -> 2. Gestión presupuestal y eficiencia del gasto público | H17: =Formulación!H17 -> 3. Garantizar la eficiencia, sostenibilidad y modernización de los Servicios Públicos a cargo de la UAESP: | ... Z17: =Formulación!Z17 -> 0.1 | AI17: =[1]Formulación!AI17 -> 0 | AJ17: =[1]Formulación!AJ17 -> 0 | AK17: =[1]Formulación!AK17 -> 0 | AL17: No aplica SDF No aplica | AP17: NA | AQ17: NA | AR17: NA | AS17: En la carpeta de evidencias se cargaron los informes del perido anterior (Sep, oct, nov,dic 2024) y ultimo perido (Ene, feb, mar, abr 2025), no hubo % reducción de PQRS , se incremntó en 8,12% | AT17: NA | AU17: NA | AV17: NA | AW17: En la carpeta de evidencias se cargaron los informes del perido anterior (Ene, feb, mar, abr 2025) y ultimo perido (may, jun, jul, ago 2025), no hubo % reducción de PQRS , se incrementó en 49,98% SDF No aplica | BA17: En la carpeta de evidencias se cargaron los informes del perido anterior (may, jun, jul, ago 2025) y ultimo perido (Sep, oct,nov, dic 2025), no hubo % reducción de PQRS , se incrementó en 5,37% SDF: No tine PQRS registradas sobre el tema | BB17: =+AP17+AT17+AX17 -> #VALUE! | BC17: =+AQ17+AU17+AY17 -> #VALUE! | BD17: =+BC17/BB17 -> #VALUE!
A18: =Formulación!A18 -> 1. Bogotá se siente segura; 4. Bogotá ordena su territorio y avanza en su acción climática | B18: =Formulación!B18 -> 1.05. Espacio público seguro e inclusivo; 4.25. Aumento de la resiliencia al cambio climático y reduccion de la vulnerabilidad | C18: =Formulación!C18 -> 8215 - 8220 - 8236 - 8237 | D18: =Formulación!D18 -> Fortalecimiento de la actividad de aprovechamiento en Bogotá D.C.; Implementación de un modelo de Gestión integral de residuos como garantía de saneamiento básico bajo un enfoque de economía circular Bogotá D.C.; Implementación de estrategias integrales para la gestión de residuos sólidos de puntos críticos y de arrojo clandestino como garantía de área limpia en el espacio Público de Bogotá D.C.; Implementación y transformación del Relleno Sanitario Doña Juana hacia un parque Tecnológico en manejo de residuos, Bogotá D.C. | E18: =Formulación!E18 -> 2179-2178-2182-2195-2185-1972-2187-2193 | F18: =Formulación!F18 -> NA | G18: =Formulación!G18 -> 2. Gestión presupuestal y eficiencia del gasto público | H18: =Formulación!H18 -> Desarrollar una planeación eficiente en la UAESP, a través del cumplimiento de las actividades de los proyectos de inversión y garantizando una prestación eficiente de los servicios funerarios, alumbrado público y del servicio público de aseo con un enfoque de sostenibilidad y economía circular. | ... Z18: =Formulación!Z18 -> 0 | AI18: =[1]Formulación!AI18 -> 0 | AJ18: =[1]Formulación!AJ18 -> 0 | AK18: 0 | AL18: 6.915, no se cumplió la meta, nos pasamos un 15% | AP18: 720000 | AQ18: 749028.68 | AR18: =+AQ18/AP18 -> 1.0403176 | AS18: ENERO: Para el mes de enero de 2025 en el PIDJ ingresaron 195.363,2 Toneladas provenientes de Bogotá de las cuales 12.824,2 toneladas fueron tratadas y 182.539 Toneladas fueron dispuestas en celda. ((12.824,2 toneladas tratadas + 182.539 fueron dispuestas en celda) / (195.363,2 Toneladas Ingresadas al PIDJ))*100% Para el periodo de enero de 2025 de la gestión de los residuos provenientes de Puntos Críticos y Clandestinos se generaron 3731.12 toneladas de rechazos los cuales fueron dispuestos en celda; para un total dispuesto incluido el rechazo fue: 186.270,12 toneladas. FEBRERO: Para el mes de febrero de 2025 en el PIDJ ingresaron 186.290,18 Toneladas provenientes de Bogotá de las cuales 12.667,86 toneladas fueron tratadas y 173.622,32 Toneladas fueron dispuestas en celda. ((12.667,86 toneladas tratadas + 173.622,32 fueron dispuestas en celda) / (186.290,18 Toneladas Ingresadas al PIDJ))*100% Para el periodo de febrero de 2025 de la gestión de los residuos provenientes de Puntos Críticos y Clandestinos se generaron 2875.59 toneladas de rechazos los cuales fueron dispuestos en celda; para un total dispuesto incluido el rechazo fue: 176.497,91 toneladas. MARZO: Marzo de 2025 en el PIDJ ingresaron 204.022,15 Toneladas provenientes de Bogotá de las cuales 14.176,15 toneladas fueron tratadas y 189.846 Toneladas fueron dispuestas en celda. ((14.176,15 toneladas tratadas + 189.846 fueron dispuestas en celda) / (204.022,15 Toneladas Ingresadas al PIDJ))*100% Para el periodo de marzo de 2025 de la gestión de los residuos provenientes de Puntos Críticos y Clandestinos se generaron 4169.95 toneladas de rechazos los cuales fueron dispuestos en celda; para un total dispuesto incluido el rechazo fue: 194.015,95 toneladas. ABRIL: Para el mes de abril de 2025 en el PIDJ ingresaron 202.417,38 Toneladas provenientes de Bogotá de las cuales 12.842,74 toneladas fueron tratadas y 189.574,64 Toneladas fueron dispuestas en celda. ((12.842,74 toneladas tratadas + 189.574,64 fueron dispuestas en celda) / (202.417,38 Toneladas Ingresadas al PIDJ))*100% Para el periodo abril de 2025 de la gestión de los residuos provenientes de Puntos Críticos y Clandestinos se generaron 2.670,06 toneladas de rechazos los cuales fueron dispuestos en celda; para un total dispuesto incluido el rechazo fue: 192.244,7 toneladas. Entre enero de 2025 y Abril de 2025. 749028,68 | AT18: 738000 | AU18: 789570.31 | AV18: =(AU18/AT18) -> 1.0698785 | AW18: MAYO: Para el mes de mayo de 2025 en el PIDJ ingresaron 211.336,14 Toneladas provenientes de Bogotá de las cuales 13.826,88 toneladas fueron tratadas y 197.509,26 Toneladas fueron dispuestas en celda. ((13.826,88 toneladas tratadas + 197.509,26 fueron dispuestas en celda) / ( 211.336,14 Toneladas Ingresadas al PIDJ))*100% Para el periodo mayo de 2025 de la gestíón de los residuos provenientes de Puntos Críticos y Clandestinos se generaron 5391,27 toneradas de rechazos los cuales fueron dispuestos en celda; para un total dispuesto incluido el rechazo fue: 202.900,53 toneladas. JUNIO: Para el mes de junio de 2025 en el PIDJ ingresaron 200.273,31 Toneladas provenientes de Bogotá de las cuales 13.202,35 toneladas fueron tratadas y 187.070,96 Toneladas fueron dispuestas en celda. ((13.202,35 toneladas tratadas + 187.070,96 fueron dispuestas en celda) / ( 200.273,31 Toneladas Ingresadas al PIDJ))*100% Para el periodo junio de 2025 de la gestíón de los residuos provenientes de Puntos Críticos y Clandestinos se generaron 3.501,00 toneladas de rechazos los cuales fueron dispuestos en celda; para un total dispuesto incluido el rechazo fue: 190.571,96 toneladas. JULIO: Para el mes de Julio en el PIDJ ingresaron 215.755,91 Toneladas de las cuales 14.241,1 toneladas fueron aprovechadas y 201.514,81 fueron dispuestas en celda. ((14.241,1 toneladas tratadas + 201.514,8 fueron dispuestas en celda) / (215.755,91 Toneladas Ingresadas al PIDJ))*100%" Para el periodo julio de 2025 de la gestión de los residuos provenientes de Puntos Críticos y Clandestinos se generaron 4.409,72 toneladas de rechazos los cuales fueron dispuestos en celda; para un total dispuesto incluido el rechazo fue: 205.924,53 toneladas. AGOSTO: Para el mes de Agosto en el PIDJ ingresaron 199.578,37 Toneladas de las cuales 13.006,9 toneladas fueron tratadas y 186.571,47 fueron dispuestas en celda. ((13.006,9 toneladas tratadas + 186.571,47 fueron dispuestas en celda) / (199.578,37 Toneladas Ingresadas al PIDJ))*100%" Para el periodo agosto de 2025 de la gestión de los residuos provenientes de Puntos Críticos y Clandestinos se generaron 3.601,82 toneladas de rechazos los cuales fueron dispuestos en celda; para un total dispuesto incluido el rechazo fue: 190.173,29 toneladas. | AX18: 732000 | AY18: 785137.13 | AZ18: =(AY18/AX18) -> 1.0725917 | BA18: Septiembre: Para el mes de Septiembre en el PIDJ ingresaron 194.900,24 Toneladas de las cuales 12.829,8 toneladas fueron tratadas y 182.071,12 fueron dispuestas en celda. ((12.829,8 toneladas tratadas + 182.071,12 fueron dispuestas en celda) / ( 194.900,24 Toneladas Ingresadas al PIDJ))*100%" Para el periodo septiembre de 2025 de la gestión de los residuos provenientes de Puntos Críticos y Clandestinos se generaron 3.814,28 toneladas de rechazos los cuales fueron dispuestos en celda; para un total dispuesto incluido el rechazo fue: 185.885,4 toneladas. Octubre: Para el mes de Octubre en el PIDJ ingresaron 203.227,66 Toneladas de las cuales 14.327,80 toneladas fueron tratadas y 188.899,86 fueron dispuestas en celda. ((14.327,80 toneladas tratadas + 188.899,86 fueron dispuestas en celda) / ( 203.227,66 Toneladas Ingresadas al PIDJ))*100%" Para el periodo Octubre de 2025 de la gestión de los residuos provenientes de Puntos Críticos y Clandestinos se generaron 3.633,8 toneladas de rechazos los cuales fueron dispuestos en celda; para un total dispuesto incluido el rechazo fue: 192.533,66 toneladas. Noviembre: Para el mes de noviembre en el PIDJ ingresaron 201.904,48 Toneladas de las cuales 14.404,37 toneladas fueron tratadas y 187.500,11 fueron dispuestas en celda. ((14.404,37 toneladas tratadas + 187.500,11 fueron dispuestas en celda) / (201.904,48 Toneladas Ingresadas al PIDJ)) *100%" Para el periodo noviembre de 2025 de la gestión de los residuos provenientes de Puntos Críticos y Clandestinos se generaron 4.166,07 toneladas de rechazos los cuales fueron dispuestos en celda; para un total dispuesto incluido el rechazo: 191.666,18 toneladas. Diciembre: Para el mes de diciembre en el PIDJ ingresaron 224.292,72 Toneladas de las cuales 13.883,99 toneladas fueron tratadas y 210.408,73 fueron dispuestas en celda. ((13.883,99 toneladas tratadas + 210.408,73 fueron dispuestas en celda) / (224.292,72 Toneladas Ingresadas al PIDJ)) *100%" Para el periodo diciembre de 2025 de la gestión de los residuos provenientes de Puntos Críticos y Clandestinos se generaron 4.643,16 toneladas de rechazos los cuales fueron dispuestos en celda; para un total dispuesto incluido el rechazo: 215.051,89 toneladas. | BB18: =+AP18+AT18+AX18 -> 2190000 | BC18: =+AQ18+AU18+AY18 -> 2323736.1 | BD18: =+BC18/BB18 -> 1.0610667 | BE18: 5900 | BI18: 5700 | BM18: 5600
A19: =Formulación!A19 -> 1. Bogotá se siente segura; | B19: =Formulación!B19 -> 1.05. Espacio público seguro e inclusivo | C19: =Formulación!C19 -> 8211 | D19: =Formulación!D19 -> Fortalecimiento de la operación y de la prestación del servicio de Alumbrado Público en Bogotá D.C. | E19: =Formulación!E19 -> 1971 | F19: =Formulación!F19 -> 11 Lograr que las ciudades y los asentamientos humanos sean inclusivos, seguros, resilientes y sostenibles. | G19: =Formulación!G19 -> 2. Gestión presupuestal y eficiencia del gasto público | H19: =Formulación!H19 -> 0 | ... Z19: =Formulación!Z19 -> 0 | AI19: =[1]Formulación!AI19 -> 0 | AJ19: =[1]Formulación!AJ19 -> 0 | AK19: 0 | AL19: No se cumplio, no se registra unforme de supervisión de modernizacion y actualizacion de alumbrado | AP19: 1 | AQ19: 1 | AR19: 1 | AS19: Se realiza la entrega de los informes de supervision y control de la Subdirección de Servicios Funerarios y Alumbrado Público de enero hasta abril de 2025 | AT19: 1 | AU19: 1 | AV19: 1 | AW19: Se realiza la entrega de los informes de supervision y control de Alumbrado Público del periodo de mayo a agosto de 2025 | AX19: 1 | AY19: 1 | AZ19: 1 | BA19: Se realiza la entrega de los informes de supervisión y control de Alumbrado Público del periodo de septiembre a diciembre de 2025 | BB19: =+AP19+AT19+AX19 -> 3 | BC19: =+AQ19+AU19+AY19 -> 3 | BD19: =+BC19/BB19 -> 1
A20: =Formulación!A20 -> 4. Bogotá ordena su territorio y avanza en su acción climática | B20: =Formulación!B20 -> 4.25. Aumento de la resiliencia al cambio climático y reduccion de la vulnerabilidad | C20: =Formulación!C20 -> 8215 | D20: =Formulación!D20 -> Fortalecimiento de la actividad de aprovechamiento en Bogotá D.C. | E20: =Formulación!E20 -> 2179-2178-2182-2195 | F20: =Formulación!F20 -> 12 Garantizar modalidades de consumo y producción sostenibles, y 8: Promover el crecimiento económico inclusivo y sostenible, el empleo y el trabajo decente para todos | G20: =Formulación!G20 -> 2. Gestión presupuestal y eficiencia del gasto público | H20: =Formulación!H20 -> 0 | ... Z20: =Formulación!Z20 -> 0 | AI20: =[1]Formulación!AI20 -> 0 | AJ20: =[1]Formulación!AJ20 -> 0 | AK20: 100 | AL20: Se dio cumplimiento a proyectos de rutas selectivas, CTAS, Maria Paz | AP20: 0.165 | AQ20: 0.165 | AR20: 1 | AS20: Durante el primer cuatrimestre se realizó el seguimiento al proyecto piloto de rutas selectivas no exclusivas de la ciudad de Bogotá, en el que se está fortaleciendo 58 organizaciones de recicladores de oficio. Adicionalmente, se trabajó con las 5 organizaciones de recicladores que presentaron proyecto para el acceder al Incentivo de Aprovechamiento y Tratamiento - IAT y que fueron beneficiadas luego de la evaluación y aprobación de sus proyectos. Así mismo, se mantuvo el proyecto de los Centros Transitorios de Acopio y Separación - CTAS, en el que se mantienen en operación durante el primer cuatrimestre 5 CTAS en las localidades de Mártires (2), Kennedy (1), Barrios Unidos (1) y Usaquén (1). | AT20: 0.246 | AU20: 0.246 | AV20: 1 | AW20: Durante el segundo cuatrimestre se realizó el seguimiento al proyecto piloto de rutas selectivas no exclusivas de la ciudad de Bogotá, en el que se está fortaleciendo 58 organizaciones de recicladores de oficio. Adicionalmente, se trabajó con las 5 organizaciones de recicladores que presentaron proyecto para el acceder al Incentivo de Aprovechamiento y Tratamiento - IAT y que fueron beneficiadas luego de la evaluación y aprobación de sus proyectos, durante este periodo se apoyaron a 31 organizaciones para dar apoyo frente a los requisitos para la presentación de proyectos para acceder al IAT durante la vigencia 2025. Así mismo, se mantuvo el proyecto de los Centros Transitorios de Acopio y Separación - CTAS, en el que se mantienen en operación durante el primer cuatrimestre 5 CTAS en las localidades de Mártires (2), Kennedy (1), Barrios Unidos (1) y Usaquén (1). | AX20: 0.35 | AY20: 0.35 | AZ20: 1 | BA20: Durante el tercer cuatrimestre se continuó con el seguimiento al proyecto piloto de rutas selectivas no exclusivas de la ciudad de Bogotá, en el que se está fortaleciendo 58 organizaciones de recicladores de oficio. Adicionalmente, se trabajó con las 5 organizaciones de recicladores que presentaron proyecto para el acceder al Incentivo de Aprovechamiento y Tratamiento - IAT y que fueron beneficiadas luego de la evaluación y aprobación de sus proyectos, durante este periodo se realizó la evaluación de los proyectos de IAT, dentro de los proyectos recibidos se contó con la participación de 66 organizaciones de recicladores de oficio. Adicionalmente, durante el ultimo cuatrimestre del año fueron incluidas 9 organizaciones de recicladores de Oficio al registro RUOR, eso por medio de las Resoluciones 855, 856, 864, 866, 867, 890, 904, 905 y 906 de 2025 Así mismo, se mantuvo el proyecto de los Centros Transitorios de Acopio y Separación - CTAS, en el que se mantienen en operación durante el primer cuatrimestre 5 CTAS en las localidades de Mártires (2), Kennedy (1), Barrios Unidos (1) y Usaquén (1). | BB20: =+AP20+AT20+AX20 -> 0.761 | BC20: =+AQ20+AU20+AY20 -> 0.761 | BD20: =+BC20/BB20 -> 1
A21: =Formulación!A21 -> 4. Bogotá ordena su territorio y avanza en su acción climática | B21: =Formulación!B21 -> 4.25. Aumento de la resiliencia al cambio climático y reduccion de la vulnerabilidad | C21: =Formulación!C21 -> 8220 | D21: =Formulación!D21 -> Implementación de un modelo de Gestión integral de residuos como garantía de saneamiento básico bajo un enfoque de economía circular Bogotá D.C. | E21: =Formulación!E21 -> 2185 | F21: =Formulación!F21 -> 12 Garantizar modalidades de consumo y producción sostenibles | G21: =Formulación!G21 -> 2. Gestión presupuestal y eficiencia del gasto público | H21: =Formulación!H21 -> 0 | ... Y21: =Formulación!Y21 -> 1 | Z21: =Formulación!#REF! -> #REF! | AI21: =[1]Formulación!AI21 -> 0 | AJ21: =[1]Formulación!AJ21 -> 0 | AK21: 100 | AL21: Se cumplio en un 99.73% el proyecto de inversión 8220 - Implementación de un modelo de Gestión integral de residuos como garantía de saneamiento básico bajo un enfoque de economía circular Bogotá D.C. | AS21: Es importante señalar que la implementación del nuevo Modelo Circular de Gestión de Residuos sólidos, compuesto por 3 componentes estructurales (aprovechamiento, esquema de aseo, tratamiento y valorización) y 5 transversales (Plan de Gestión Integral de Residuos Sólidos, cultura y comportamiento ciudadano, sistemas de información, fortalecimiento de capacidades institucionales e innovación y desarrollo tecnológico), busca en su conjunto la disminución del enterramiento de residuos en el relleno sanitario Doña Juana. Por lo anterior, no es posible dar cumplimiento de la meta en el corto plazo, la implementación se proyectó de manera progresiva, con fecha prevista de cumplimiento total a la culminación del Plan de Desarrollo Distrital; sin embargo la Entidad viene desarrollando para el componente de tratamiento y valorización el Convenio Interadministrativo No. UAESP-545-2024, con la Transportadora de Gas Internacional S.A. ESP - TGI S.A. ESP, que tiene como objeto aunar esfuerzos administrativos, operativos, técnicos y financieros para viabilizar el desarrollo de un proyecto de Biogás/Biometano para el sector de transporte en la ciudad de Bogotá D.C., a través del tratamiento y valorización de residuos sólidos orgánicos, el cual se proyecta desarrollar en fases, para finalmente contar con la puesta en marcha de la planta demostrativa en 2027, igualmente se viene desarrollando el análisis de de diferentes alternativas tecnologicas para el tratamiento de residuos en marco del Plan de Gestión Integral de Residuos Sólidos - PGIRS. | AT21: 24603969880 | AU21: 9962536359 | AV21: 0.77 | AW21: La programacion del proyecto 8220 se realizo por vigencia, aqui se incluye el valor programado por la vigencia 2025 y su ejecución a corte a el 30 de agosto de 2025. El 11 de junio de 2025 a través de la Resolución CRA No. 1013 de 2025 resolvió no verificar los motivos para implementar las Áreas de Servicio Exclusivo - ASE en Bogotá. Ante esta Resolución la UAESP presentó recurso de reposición el 19 de junio de 2025, el cual fue resuelto a través de Resolución CRA No. 1018 del 19 de agosto de 2025 donde en su ARTÍCULO PRIMERO. NO REPONER y, en consecuencia, CONFIRMAR en su integridad la Resolución CRA 1013 del 11 de junio de 2025 dando por no verificados los motivos para implementar un ASE en Bogotá D.C. La SDF aún no tiene participación en esta meta. | AX21: 24603969880 | AY21: 12987347945 | AZ21: 0.83 | BA21: la UAESP en el último trimestre de la vigencia 2025 ha venido trabajando en el marco de la transición al esquema de libre competencia, donde se adelantaron acciones orientadas a la coordinación interinstitucional y sectorial, mediante la realización de mesas de trabajo con facturadores conjuntos, entidades del Distrito, autoridades de control y actores del sector, con el fin de identificar ajustes operativos y de articulación necesarios para garantizar la continuidad del servicio y la protección de los usuarios. De manera paralela, se avanzó en la estructuración normativa e institucional que soporta la transición, incluyendo la consolidación de instancias de coordinación, la definición de lineamientos para el nuevo esquema y el acompañamiento jurídico especializado para la preparación de estrategias de comunicación y socialización dirigidas a la ciudadanía. Adicionalmente, se desarrollaron acciones para asegurar la estabilidad operativa durante el tránsito al nuevo esquema, tales como la revisión de planes operativos de los prestadores, el fortalecimiento de actividades complementarias del servicio y la evaluación de alternativas para el sistema de información del servicio público de aseo en un contexto de libre competencia. Asimismo, se adelantaron análisis exploratorios sobre proyectos estratégicos de infraestructura y posibles mecanismos de financiación, así como la preparación de informes de gestión y de insumos técnicos requeridos para la toma de decisiones, manteniendo como eje central la continuidad del servicio, la vigilancia de la competencia y la mitigación de riesgos asociados al cambio de modelo. Paralelamente al desarrollo de actividades en el marco de la transición al esquema de libre competencia, la Unidad viene adelantando acciones en el marco del cierre del esquema actual, adelantando acciones jurídicas y administrativas orientadas a preparar la liquidación ordenada de los contratos de concesión, incluyendo el acompañamiento jurídico especializado para la estructuración y revisión de los procesos contractuales asociados al cierre. De manera complementaria, se ejerció seguimiento y supervisión a la interventoría, con el fin de asegurar el cumplimiento de sus obligaciones durante la etapa final del esquema, así como la verificación de aspectos contractuales y legales relevantes para la terminación y liquidación, en coordinación con las dependencias jurídicas del Distrito. Asimismo, se desarrollaron acciones técnicas y financieras para garantizar un cierre controlado y transparente del esquema, tales como la recepción y revisión de inventarios preliminares de bienes asociados a la prestación del servicio que son objeto de reversión (SIGAB y Contenedores), el análisis de su estado, uso y posibles alternativas de disposición, y la revisión de información financiera vinculada a la fiducia y a las proyecciones económicas del cierre. Adicionalmente, se adelantaron gestiones interinstitucionales con entidades del orden distrital para la evaluación de impactos fiscales y financieros del proceso de liquidación, así como la preparación de insumos normativos y técnicos necesarios para asegurar la continuidad del servicio y mitigar riesgos durante la transición. La SDF aún no tiene participación en esta meta. | BB21: =+AP21+AT21+AX21 -> #VALUE! | BC21: =+AQ21+AU21+AY21 -> 22949884304 | BD21: =+BC21/BB21 -> #VALUE!
A22: =Formulación!A22 -> 1. Bogotá se siente segura; | B22: =Formulación!B22 -> 1.05. Espacio público seguro e inclusivo | C22: =Formulación!C22 -> 8236 | D22: =Formulación!D22 -> Implementación de estrategias integrales para la gestión de residuos sólidos de puntos críticos y de arrojo clandestino como garantía de área limpia en el espacio Público de Bogotá D.C | E22: =Formulación!E22 -> 1972 | F22: =Formulación!F22 -> 12 Garantizar modalidades de consumo y producción sostenibles | G22: =Formulación!G22 -> 2. Gestión presupuestal y eficiencia del gasto público | H22: =Formulación!H22 -> 0 | ... W22: =Formulación!W22 -> 670 | X22: =Formulación!X21 -> 1 | Y22: =Formulación!Y21 -> 1 | Z22: =Formulación!Z21 -> 0 | AI22: =[1]Formulación!AI22 -> 0 | AJ22: =[1]Formulación!AJ22 -> 0 | AK22: 100 | AL22: La Subdirección de Recolección barrido y limpieza informa que existen 666 puntos críticos identificados en Bogotá, con corte al mes de diciembre. De estos 39 se reportan como inactivos y 4 como recuperados. | AP22: 690 | AQ22: 666 | AR22: 1 | AS22: Respecto a la línea base del PDD se logró una disminución de 34 puntos críticos, comparativamemte hablando frente al censo vigente de los concesionarios. Es importante destacar que, de estos 666, 43 se han categorizado recientemente por los operadores como “inactivos” o “recuperado”, entendiéndose que 623 se encuentran activos con corte a abril. Estas cifras se encuentran en seguimiento por parte de la SRBL con el fin de actualizar los puntos críticos realmente activos para el segundo semestre de 2025. Los frentes de avance de este componente se han dado a través de las diferentes estrategias establecidas como la atención de los más de 160 Ecopuntos mensuales, la atención frecuente de puntos críticos, la atención de arrojos clandestinos con contrato No. 244 con Aguas de Bogotá,, sensibilización ciudadana entre otros. En el periodo entre enero y abril de 2025, se recogieron en total 117.174,11 toneladas, con un promedio de 29293,53 toneladas por mes. | AT22: 82521850088 | AU22: 52296487906 | AV22: 0.57 | AW22: La programacion del proyecto 8220 se realizo por vigencia, aqui se incluye el valor programado por la vigencia 2025 y su ejecución a corte a el 30 de agosto de 2025. En Agosto se continuó con el ejercicio de actualización del estado de actividad de los puntos críticos censados por los Concesionarios. En este ejercicio el consecionario LIME identificó un total de 49 puntos críticos como inactivos. Los demás Concesionarios continúan haciendo seguimiento para actualizar el estado real del censo. Con ello, se reportaron para el mes de julio 477 puntos críticos como activos 185 inactivos para 662 puntos censados. Las localidades que presentan mayor cantidad de puntos críticos son: Engativa 153 Kennedy 71, Bosa 60, Barrios Unidos 56, Suba 38. Para el periodo de AGOSTO 2025, con cazaregueros se implementaron 36 cuadrillas así: ASE 1: 16 cuadrillas, ASE 2: 4 cuadrillas, ASE3: 4 cuadrillas, ASE 4: 4 cuadrillas, ASE 5: 8 cuadrillas con el fin de Mitigar de los impactos causados por residuos dispersos en el espacio público. Con los operadores y @aguas_de_bogota se recogieron en el mes de AGOSTO 2025; 27.134,48 toneladas de residuos mixtos arrojados clandestinamente, como escombros y materiales voluminosos. Aguas de Bogotá transporto 5.324,48 toneladas y los concesionarios transportaron 21.810 toneladas.. | AX22: 82.521.850.088 | AY22: 82226734493 | AZ22: 0.88 | BA22: Durante la vigencia 2025 se dio continuidad y se fortalecieron las acciones orientadas a la disminución de puntos críticos de arrojos clandestinos de residuos especiales, RCD y voluminosos en el espacio público del Distrito Capital, mediante la intervención articulada con las cinco Áreas de Servicio Exclusivo (ASE) y Aguas de Bogotá S.A. E.S.P. Como resultado de las intervenciones frecuentes y del seguimiento al censo de puntos críticos, se logró una reducción del número de puntos activos, pasando de 623 al inicio del año a 478 al cierre de diciembre de 2025. Para ello, se realizaron 70.956 intervenciones hasta octubre, con un promedio mensual de cerca de 7.000 atenciones, recolectando un total de 350.591,88 toneladas de residuos, lo que representa un incremento del 19,6 % frente a la recolección del año anterior. Adicionalmente, se fortalecieron las alternativas para la disposición adecuada de residuos especiales a través de canales de atención como la Línea 110 y los Ecopuntos. Mediante la Línea 110 se gestionó la recolección de 7.365 toneladas de residuos especiales solicitadas por los usuarios. Así mismo, durante 2025 se atendieron 2.267 Ecopuntos, lo que representa un aumento del 70 % frente a 2024, recolectando un total de 12.862 toneladas de RCD y residuos voluminosos, con un crecimiento del 71,4 % respecto al año anterior. En el marco de los Contratos Interadministrativos suscritos con Aguas de Bogotá (244-2024, 305-2025 y 457-2025), se garantizó la continuidad de la atención de arrojos clandestinos y puntos críticos, logrando la recolección de más de 60 mil toneladas de RCD, residuos voluminosos y vegetales, así como la gestión adecuada de 70.922 llantas fuera de uso durante la vigencia, incluyendo 33 jornadas de “llantatón”. Estas acciones contribuyeron a mitigar los impactos de la disposición inadecuada de residuos en el espacio público, fortaleciendo la gestión integral de residuos especiales y avanzando en el cumplimiento de la submeta 3.6 del Plan de Gestión, bajo un enfoque de sostenibilidad y economía circular. | BB22: =+AP22+AT22+AX22 -> #VALUE! | BC22: =+AQ22+AU22+AY22 -> #VALUE! | BD22: =+BC22/BB22 -> #VALUE!
A23: =Formulación!A23 -> 4. Bogotá ordena su territorio y avanza en su acción climática | B23: =Formulación!B23 -> 4.25. Aumento de la resiliencia al cambio climático y reduccion de la vulnerabilidad | C23: =Formulación!C23 -> 8237 | D23: =Formulación!D23 -> Implementación y transformación del Relleno Sanitario Doña Juana hacia un parque Tecnológico en manejo de residuos, Bogotá D.C. | E23: =Formulación!E23 -> 2187-2193 | F23: =Formulación!F23 -> 11 Lograr que las ciudades y los asentamientos humanos sean inclusivos, seguros, resilientes y sostenibles. Y 12 Garantizar modalidades de consumo y producción sostenibles | G23: =Formulación!G23 -> 2. Gestión presupuestal y eficiencia del gasto público | H23: =Formulación!H23 -> 0 | ... W23: =Formulación!W23 -> 1 | X23: =Formulación!X22 -> 640 | Y23: =Formulación!Y22 -> 600 | Z23: =Formulación!Z22 -> 0 | AI23: =[1]Formulación!AI23 -> 0 | AJ23: =[1]Formulación!AJ23 -> 0 | AK23: 0 | AL23: No aplica | AP23: 1 | AQ23: 0 | AR23: 0 | AS23: Sea lo primero señalar que, desde el Plan de Desarrollo “Bogotá Camina Segura”, se plantea el objetivo de reducir como mínimo a 4.800 toneladas los residuos sólidos dispuestos en el Parque de Innovación Doña Juana (PIDJ) para el año 2027, Objetivo: 4. Bogotá ordena su territorio y avanza en su acción climática, Programa 25. Aumento de la resiliencia al cambio climático y reducción de la vulnerabilidad, Meta: Implementar un modelo de gestión integral de residuos sólidos en la prestación del servicio público de aseo que privilegie la economía circular. En este sentido, para el tratamiento, aprovechamiento y valorización de residuos sólidos, se contempla la Meta 2187, que busca implementar un proyecto de tratamiento, aprovechamiento y valorización de residuos sólidos para generar subproductos de energías limpias, que a su vez, se encuentra enmarcada dentro del proyecto de inversión No. 8237: “Implementación y transformación del Relleno Sanitario Doña Juana hacia un Parque Tecnológico en manejo de residuos, Bogotá D.C.”. Ahora bien, el cumplimiento físico de la meta está dado de manera progresiva hasta alcanzar el 20% de incremento de los residuos tratados y valorizados en 2027; teniendo en cuenta que se deben surtir las etapas de formulación de los proyectos de tratamiento y valorización de residuos, y posteriormente el desarrollo y puesta en marcha, razón por la cual, para las vigencias 2024 y 2025 no se programó magnitud anual. En el marco de la gestión realizada por la Entidad para el cumplimiento de la meta, se suscribió el Convenio Interadministrativo No. UAESP-545-2024, con la Transportadora de Gas Internacional S.A. ESP - TGI S.A. ESP, que tiene como objeto aunar esfuerzos administrativos, operativos, técnicos y financieros para viabilizar el desarrollo de un proyecto de Biogás/Biometano para el sector de transporte en la ciudad de Bogotá D.C., a través del tratamiento y valorización de residuos sólidos orgánicos, el cual se proyecta desarrollar en fases, para finalmente contar con la puesta en marcha de la planta demostrativa en 2027. Es importante resaltar que, la gestión integral de residuos sólidos en Bogotá, está enfocada en la disminución del enterramiento de residuos en el relleno sanitario Doña Juana y la transición hacia el nuevo Modelo Circular de Gestión de Residuos sólidos (Ver Figura 1), la cual es una apuesta que tiene 3 componentes estructurales (aprovechamiento, esquema de aseo, tratamiento y valorización) y 5 transversales (Plan Integral de Gestión de Residuos Sólidos, cultura y comportamiento ciudadano, sistemas de información, fortalecimiento de capacidades institucionales e innovación y desarrollo tecnológico), que buscan la transición del modelo lineal actual a un modelo circular en Bogotá D.C. Por lo anterior, no es posible dar cumplimiento de la meta en el corto plazo, por lo que se proyectó un cumplimiento progresivo, con fecha prevista de cumplimiento total a la culminación del Plan de Desarrollo Distrital. | AT23: 1 | AU23: - | AV23: - | AW23: Mayo 2025 Se adjudicó y contrató, a través de TGI, la consultoría para la ejecución de la Fase II del convenio, a cargo de la firma SWEDCO. Se remitió el oficio No. 20253000105971 solicitando el cambio de representantes de la UAESP en el comité técnico y fiduciario del convenio. El 13 de mayo se llevó a cabo el Comité Técnico No. 2 del convenio. Junio 2025 Continuó el desarrollo de la Fase II del convenio con el consultor SWEDCO, con apoyo técnico de la UAESP mediante el suministro de información sobre el manejo de residuos sólidos en Bogotá. Se realizó una reunión con TGI para revisar los informes bimestrales y el cargue de la cuenta No. 1 en la plataforma SECOP II. Julio 2025 Se avanzó en la ejecución de la Fase II del convenio, centrada en el diseño técnico de la planta de biogás/biometano. Se realizaron reuniones con la CAR, Transmilenio, Secretaría de Ambiente y entre los actores del convenio (SWEDCO, TGI y UAESP). Se remitió solicitud a TGI mediante radicado UAESP No. 20253000161111 (16 de julio). Se brindó acompañamiento técnico con Ambire (representantes de SWEDCO en Colombia) para la caracterización de residuos orgánicos en tres puntos estratégicos: Terminal de Transporte, establecimiento tipo fruver y plaza de mercado. Agosto 2025 Se desarrolló el Taller de socialización de resultados y próximos pasos del estudio de factibilidad para la producción de biometano, con participación de Swedfund, UAESP, Sweco, TGI y Ambire Global. Se remitió solicitud a TGI mediante radicado UAESP No. 20253000192231 (25 de agosto) para la actualización de representantes de la UAESP en los comités técnico y fiduciario. Se activó el Contrato de Comodato No. 828-2023 con la Asociación Básica de Reciclaje SINEAMBORE, mediante Otro Sí No. 1, para apoyar la puesta en marcha de la planta de tratamiento de residuos orgánicos en Mochuelo. Se realizó acta de entrega parcial de equipos para el desarrollo de actividades de compostaje en dicha planta. | BA23: META 8237: Septiembre: Dando continuidad de la fase II del convenio con TGI, equipos de profesionales de Swedco (Equipo consultor) y UAESP realizaron visita técnica a 2 patios de Trasnmilenio para recibir socialización de sus procesos de abastecimiento de combustible (gas) y necesidades de su flota de buses. Octubre: Se avanza en el desarrollo de mesas tecnicas de la fase II del convenio con TGI, se sostuvo articulación con Trasmilenio para analizar diseños de planta demostrativa. Se realizan mesas de trabajo entre UAESP e IPES para la generación de convenio para la instalación de Biodigestor de capacidad 1,5 toneladas; Se articula con coperación alemana GIZ, para la realización de estudios de prefactibilidad complementarios. Noviembre: Se firma convenio interadministrativo entre UAESP e IPES para la adecuación, adquisición e instalación de biodigestor de tratamiento de residuos solidos organicos, con capacidad de 1,5 t/día Diciembre: Se realizaron mesas de trabajo entre IPES y UAESP para planificación de procesos de selección para la adecuación, compra e instalación de sistema de biodigestión, al igual que se realizó mesa de trabajo de las partes, vinculando a la coperación alemana GIZ, con el fin de explorar la posibilidad de apoyo en los estudios de factibilidad. | BB23: =+AP23+AT23+AX23 -> 2 | BC23: =+AQ23+AU23+AY23 -> #VALUE! | BD23: =+BC23/BB23 -> #VALUE!
A24: =Formulación!A24 -> 1. Bogotá se siente segura; 4. Bogotá ordena su territorio y avanza en su acción climática | B24: =Formulación!B24 -> 1.05. Espacio público seguro e inclusivo; 4.25. Aumento de la resiliencia al cambio climático y reduccion de la vulnerabilidad | C24: =Formulación!C24 -> 8211 - 8215 - 8218 - 8220 - 8236 - 8237 | D24: =Formulación!D24 -> Fortalecimiento de la operación y de la prestación del servicio de Alumbrado Público en Bogotá D.C.; Fortalecimiento de la actividad de aprovechamiento en Bogotá D.C.; Mejoramiento de la infraestructura y de los servicios de destino final en los cementerios públicos distritales Bogotá D.C; Implementación de un modelo de Gestión integral de residuos como garantía de saneamiento básico bajo un enfoque de economía circular Bogotá D.C.; Implementación de estrategias integrales para la gestión de residuos sólidos de puntos críticos y de arrojo clandestino como garantía de área limpia en el espacio Público de Bogotá D.C.; Implementación y transformación del Relleno Sanitario Doña Juana hacia un parque Tecnológico en manejo de residuos, Bogotá D.C. | E24: =Formulación!E24 -> 1971 - 2179 - 2244 - 2252 - 2185 - 1972 - 2187 - 2193 | F24: =Formulación!F24 -> NA | G24: =Formulación!G24 -> 2. Gestión presupuestal y eficiencia del gasto público | H24: =Formulación!H24 -> 0 | ... W24: =Formulación!W24 -> 1 | X24: =Formulación!X23 -> 1 | Y24: =Formulación!#REF! -> #REF! | Z24: =Formulación!#REF! -> #REF! | AI24: =[1]Formulación!AI24 -> 0 | AJ24: =[1]Formulación!AJ24 -> 0 | AK24: =[1]Formulación!AK24 -> 0 | AL24: No aplica | AP24: 1 | AQ24: 0.3175 | AR24: 0.3175 | AS24: Para el primer cuatrimestre de 2025, se comprometio el 31,75% de los recusos asignadosa inervion, proyectando un afance significativo para los cuatrimestres siguientes | AT24: 1 | AU24: 0.6 | AV24: 0.6 | AW24: Para el segundo cuatrimestre de 2025, se comprometio el 60% de los recusos inversion, proyectando un avance significativo para el cuatrimestre siguiente. | AX24: 1 | AY24: 0.863 | AZ24: =+AY24 -> 0.863 | BA24: En la programación del 3 cuatrimestre se completa una contratación del 86.30% del total del presupuesto de inversión | BB24: =+AP24+AT24+AX24 -> 3 | BC24: =+AQ24+AU24+AY24 -> 1.7805 | BD24: =+BC24/BB24 -> 0.5935
A25: =Formulación!A25 -> 1. Bogotá se siente segura; 4. Bogotá ordena su territorio y avanza en su acción climática | B25: =Formulación!B25 -> 1.05. Espacio público seguro e inclusivo; 4.25. Aumento de la resiliencia al cambio climático y reduccion de la vulnerabilidad | C25: =Formulación!C25 -> 8211 - 8215 - 8218 - 8220 - 8236 - 8237 | D25: =Formulación!D25 -> Fortalecimiento de la operación y de la prestación del servicio de Alumbrado Público en Bogotá D.C.; Fortalecimiento de la actividad de aprovechamiento en Bogotá D.C.; Mejoramiento de la infraestructura y de los servicios de destino final en los cementerios públicos distritales Bogotá D.C; Implementación de un modelo de Gestión integral de residuos como garantía de saneamiento básico bajo un enfoque de economía circular Bogotá D.C.; Implementación de estrategias integrales para la gestión de residuos sólidos de puntos críticos y de arrojo clandestino como garantía de área limpia en el espacio Público de Bogotá D.C.; Implementación y transformación del Relleno Sanitario Doña Juana hacia un parque Tecnológico en manejo de residuos, Bogotá D.C. | E25: =Formulación!E25 -> 1971 - 2179 - 2244 - 2252 - 2185 - 1972 - 2187 - 2193 | F25: =Formulación!F25 -> NA | G25: =Formulación!G25 -> 2. Gestión presupuestal y eficiencia del gasto público | H25: =Formulación!H25 -> 0 | ... W25: =Formulación!W25 -> 1 | X25: =Formulación!X23 -> 1 | Y25: =Formulación!Y23 -> 1 | Z25: =Formulación!Z23 -> 0 | AI25: =[1]Formulación!AI25 -> 0 | AJ25: =[1]Formulación!AJ25 -> 0 | AK25: =[1]Formulación!AK25 -> 0 | AL25: No aplica | AP25: 1 | AQ25: 0.0157 | AR25: 0.0157 | AS25: se proyecta para los dos siguentes cuatrimestres una ejecucion de los giros programados segun avance de ejecucion contractual | AT25: 1 | AU25: 0.2 | AV25: 0.2 | AW25: Se proyecta para el siguentes cuatrimestre una ejecucion de los giros programados segun avance de ejecucion contractual | AX25: 1 | AY25: 0.58 | AZ25: =+AY25 -> 0.58 | BA25: Se realizó el pago oportuno del 58% de los compromisos adquiridos del presupuesto total de inversión | BB25: =+AP25+AT25+AX25 -> 3 | BC25: =+AQ25+AU25+AY25 -> 0.7957 | BD25: =+BC25/BB25 -> 0.26523333
A26: =Formulación!A26 -> 1. Bogotá se siente segura; 4. Bogotá ordena su territorio y avanza en su acción climática | B26: =Formulación!B26 -> 1.05. Espacio público seguro e inclusivo; 4.25. Aumento de la resiliencia al cambio climático y reduccion de la vulnerabilidad | C26: =Formulación!C26 -> 8211 - 8215 - 8218 - 8220 - 8236 - 8237 | D26: =Formulación!D26 -> Fortalecimiento de la operación y de la prestación del servicio de Alumbrado Público en Bogotá D.C.; Fortalecimiento de la actividad de aprovechamiento en Bogotá D.C.; Mejoramiento de la infraestructura y de los servicios de destino final en los cementerios públicos distritales Bogotá D.C; Implementación de un modelo de Gestión integral de residuos como garantía de saneamiento básico bajo un enfoque de economía circular Bogotá D.C.; Implementación de estrategias integrales para la gestión de residuos sólidos de puntos críticos y de arrojo clandestino como garantía de área limpia en el espacio Público de Bogotá D.C.; Implementación y transformación del Relleno Sanitario Doña Juana hacia un parque Tecnológico en manejo de residuos, Bogotá D.C. | E26: =Formulación!E26 -> 1971 - 2179 - 2244 - 2252 - 2185 - 1972 - 2187 - 2193 | F26: =Formulación!F26 -> NA | G26: =Formulación!G26 -> 2. Gestión presupuestal y eficiencia del gasto público | H26: =Formulación!H26 -> 0 | ... W26: =Formulación!W26 -> 1 | X26: =Formulación!X24 -> 1 | Y26: =Formulación!Y24 -> 1 | Z26: =Formulación!Z24 -> 1 | AI26: =[1]Formulación!AI26 -> 0 | AJ26: =[1]Formulación!AJ26 -> 0 | AK26: =[1]Formulación!AK26 -> 0 | AL26: No aplica | AP26: 1 | AQ26: 0.215 | AR26: 0.215 | AS26: El promedio de avance de la ejecución de la magnitud física de los proyectos de inversión de la UAESP durante el período de enero a abril de 2025, fue del 21,5%, con relación a 22 actividades principales. -Proyecto de inversión 8211-Fortalecimiento de la operación y de la prestación del servicio de Alumbrado Público en Bogotá D.C., promedio avance de ejecución magnitud física del 9,25% con 1 actividad. -Proyecto de inversión 8215-Fortalecimiento de la actividad de aprovechamiento en Bogotá D.C., promedio avance de ejecución magnitud física del 14,56% con 5 actividades. -Proyecto de inversión 8218-Mejoramiento de la infraestructura y de los servicios de destino final en los cementerios públicos, promedio avance de ejecución magnitud física del 18% con 2 actividades. -Proyecto de inversión 8220-Implementación de un modelo de Gestión integral de residuos como garantía de saneamiento básico bajo un enfoque de economía circular Bogotá D.C., promedio avance de ejecución magnitud física del 23% con 4 actividades. -Proyecto de inversión 8228-Fortalecimiento de los procesos de planificación y gestión de la UAESP Bogotá D.C., promedio avance de ejecución magnitud física del 50,06% con 3 actividades. -Proyecto de inversión 8236-Implementación de estrategias integrales para la gestión de residuos sólidos de puntos críticos y de arrojo clandestino como garantía de área limpia en el espacio público de Bogotá D.C., promedio avance de ejecución magnitud física 28,38% con 4 actividades. -Proyecto de inversión 8237-Implementación y transformación del Relleno Sanitario Doña Juana hacia un parque Tecnológico en manejo de residuos, Bogotá D.C., promedio avance de ejecución magnitud física 5% con 3 actividades. | AT26: 1 | AU26: 0.4562 | AV26: 0.4562 | AW26: El promedio de avance de la ejecución de la magnitud física de los proyectos de inversión de la UAESP durante el período de mayo a agosto de 2025, fue del 45,62%, con relación a 22 actividades principales. -Proyecto de inversión 8211-Fortalecimiento de la operación y de la prestación del servicio de Alumbrado Público en Bogotá D.C., promedio avance de ejecución magnitud física del 31,61% con 1 actividad. -Proyecto de inversión 8215-Fortalecimiento de la actividad de aprovechamiento en Bogotá D.C., promedio avance de ejecución magnitud física del 42% con 5 actividades. -Proyecto de inversión 8218-Mejoramiento de la infraestructura y de los servicios de destino final en los cementerios públicos, promedio avance de ejecución magnitud física del 25,26% con 2 actividades. -Proyecto de inversión 8220-Implementación de un modelo de Gestión integral de residuos como garantía de saneamiento básico bajo un enfoque de economía circular Bogotá D.C., promedio avance de ejecución magnitud física del 28,75% con 4 actividades. -Proyecto de inversión 8228-Fortalecimiento de los procesos de planificación y gestión de la UAESP Bogotá D.C., promedio avance de ejecución magnitud física del 95,54% con 3 actividades. -Proyecto de inversión 8236-Implementación de estrategias integrales para la gestión de residuos sólidos de puntos críticos y de arrojo clandestino como garantía de área limpia en el espacio público de Bogotá D.C., promedio avance de ejecución magnitud física 49,84% con 4 actividades. -Proyecto de inversión 8237-Implementación y transformación del Relleno Sanitario Doña Juana hacia un parque Tecnológico en manejo de residuos, Bogotá D.C., promedio avance de ejecución magnitud física 37% con 3 actividades. | AX26: 100 | AY26: 0.7278 | AZ26: 0.7278 | BA26: El promedio de avance de la ejecución de la magnitud física de los proyectos de inversión de la UAESP durante el período de mayo a agosto de 2025, fue del 72,78%, con relación a 21 actividades principales. -Proyecto de inversión 8211-Fortalecimiento de la operación y de la prestación del servicio de Alumbrado Público en Bogotá D.C., promedio avance de ejecución magnitud física del 100% con 1 actividad. -Proyecto de inversión 8215-Fortalecimiento de la actividad de aprovechamiento en Bogotá D.C., promedio avance de ejecución magnitud física del 67,6% con 5 actividades. -Proyecto de inversión 8218-Mejoramiento de la infraestructura y de los servicios de destino final en los cementerios públicos, promedio avance de ejecución magnitud física del 42% con 2 actividades. -Proyecto de inversión 8220-Implementación de un modelo de Gestión integral de residuos como garantía de saneamiento básico bajo un enfoque de economía circular Bogotá D.C., promedio avance de ejecución magnitud física del 62% con 4 actividades. -Proyecto de inversión 8228-Fortalecimiento de los procesos de planificación y gestión de la UAESP Bogotá D.C., promedio avance de ejecución magnitud física del 98,99% con 3 actividades. -Proyecto de inversión 8236-Implementación de estrategias integrales para la gestión de residuos sólidos de puntos críticos y de arrojo clandestino como garantía de área limpia en el espacio público de Bogotá D.C., promedio avance de ejecución magnitud física 68% con 4 actividades. -Proyecto de inversión 8237-Implementación y transformación del Relleno Sanitario Doña Juana hacia un parque Tecnológico en manejo de residuos, Bogotá D.C., promedio avance de ejecución magnitud física 95% co | BB26: =+AP26+AT26+AX26 -> 102 | BC26: =+AQ26+AU26+AY26 -> 1.399 | BD26: =+BC26/BB26 -> 0.013715686
A27: =Formulación!A27 -> 5. Bogotá confía en su gobierno | B27: =Formulación!B27 -> 5.33. Fortalecimiento institucional para un gobierno confiable | C27: =Formulación!C27 -> 8228 | D27: =Formulación!D27 -> Fortalecimiento de los procesos de planificación y gestión de la UAESP Bogotá D.C. | E27: =Formulación!E27 -> 2292 | F27: =Formulación!F27 -> NA | G27: =Formulación!G27 -> 9. Participación ciudadana en la gestión pública | H27: =Formulación!H27 -> 4. Participación ciudadana: | ... W27: =Formulación!W27 -> 0.3 | X27: =Formulación!X25 -> 1 | Y27: =Formulación!Y25 -> 1 | Z27: =Formulación!Z25 -> 1 | AA27: NA | AB27: NA | AC27: NA | AD27: NA | AE27: NA | AF27: NA | AG27: NA | AH27: NA | AI27: NA | AJ27: NA | AK27: NA | AL27: No aplica | AM27: NA | AN27: NA | AO27: NA | AP27: 0.1 | AQ27: 0.1 | AR27: 1 | AS27: Se avanza en la construcción de la matriz insumo para la construcción del modelo. | AT27: 0.1 | AU27: 0.1 | AV27: 1 | AW27: Se avanza en la socialización de la matriz en la mesa técnica de relacionamiento como insumo para la adopción del modelo de relacionamiento. | AX27: 0.1 | AY27: 0.1 | AZ27: 1 | BA27: Se formula el modelo de relacionamiento y adopta. https://www.uaesp.gov.co/content/modelo-relacionamiento | BB27: =+AP27+AT27+AX27 -> 0.3 | BC27: =+AQ27+AU27+AY27 -> 0.3 | BD27: =+BC27/BB27 -> 1
A28: =Formulación!A28 -> 5. Bogotá confía en su gobierno | B28: =Formulación!B28 -> 5.33. Fortalecimiento institucional para un gobierno confiable | C28: =Formulación!C28 -> 8228 | D28: =Formulación!D28 -> Fortalecimiento de los procesos de planificación y gestión de la UAESP Bogotá D.C. | E28: =Formulación!E28 -> 2292 | F28: =Formulación!F28 -> NA | G28: =Formulación!G28 -> 9. Participación ciudadana en la gestión pública | H28: =Formulación!H28 -> Fortalecer la participación ciudadana mediante la implementación del Modelo Distrital de Relacionamiento Integral, promoviendo la transparencia, la rendición de cuentas y el acceso a la información pública, para fortalecer la confianza en la gestión de la UAESP. | ... W28: =Formulación!W28 -> 1 | X28: =Formulación!X26 -> 1 | Y28: =Formulación!Y26 -> 1 | Z28: =Formulación!Z26 -> 1 | AA28: NA | AB28: NA | AC28: NA | AD28: NA | AE28: NA | AF28: NA | AG28: NA | AH28: NA | AI28: NA | AJ28: NA | AK28: NA | AL28: No aplica | AM28: NA | AN28: NA | AO28: NA | AS28: Actividad programada para el último cuatrimestre de la vigencia. | AW28: Actividad programada para el último cuatrimestre de la vigencia. | AX28: 0.3 | AY28: 0.3 | AZ28: 1 | BA28: Se incrementa en un 5% el número de participantes total en los ejercicios de rendición de cuentas anual, se anexa informe anual de evaluación de espacios de rendición de cuentas. | BB28: =+AP28+AT28+AX28 -> 0.3 | BC28: =+AQ28+AU28+AY28 -> 0.3 | BD28: =+BC28/BB28 -> 1
